Workbook
Name LTSCLIST: '[1]Custom Solution Codes'!$A$2:$A$114

Sheet Chaparral MS
B2: CHAPARRAL MIDDLE SCHOOL
B3: Existing Fixtures | L3: Proposed Fixtures | Q3: Demand Savings (kW/year) | R3: Energy Savings (kWh/year) | S3: Utility Cost Savings (kWh/year) | T3: Unit Fixture Cost | U3: Estimated Total Cost
D4: Fixture Data | I4: Electric Demand (kW) | J4: Annual Hours of Operation | K4: Total Annual Energy Consumption (kWh) | L4: Fixture Code | M4: Fixture Description | N4: Input kW | O4: Electric Demand (kW) | P4: Total Annual Energy Consumption (kWh)
B5: Building | C5: Interior / Exterior | D5: Description | E5: Lamp Type | F5: Mounting | G5: kW | H5: Fixture Qty
A8: Ese | B8: O | C8: Interior | D8: Linear Fluorescent 1x4 | E8: F32T8/1-s | F8: Surface | G8: =IFERROR(VLOOKUP($E8,'Existing Lighting Schedule'!$A$3:$K$174,6,0),"") -> 0.031 | H8: 38 | I8: =G8*H8 -> 1.178 | J8: 1717 | K8: =I8*J8 -> 2022.626 | L8: =IFERROR(VLOOKUP($E8,'Existing Lighting Schedule'!$A$3:$K$174,7,0),"") -> LED23 | M8: =IFERROR(VLOOKUP($E8,'Existing Lighting Schedule'!$A$3:$K$174,10,0),"") -> LED Surface 4' (e.g. Deco DACH-LED-4-23-40 | N8: =IFERROR(VLOOKUP($E8,'Existing Lighting Schedule'!$A$3:$K$174,11,0),"") -> 0.023 | O8: =H8*N8 -> 0.874 | P8: =J8*O8 -> 1500.658 | Q8: =I8-O8 -> 0.304 | R8: =K8-P8 -> 521.968 | S8: =0.2304*R8 -> 120.26143 | T8: =IFERROR(VLOOKUP($L8,'Existing Lighting Schedule'!$G$3:$S$174,13,0),"") -> 251.65 | U8: =H8*T8 -> 9562.7
A9: Ese | B9: O | C9: Interior | D9: PAR 8" | E9: I36 | F9: Recessed | G9: =IFERROR(VLOOKUP($E9,'Existing Lighting Schedule'!$A$3:$K$174,6,0),"") -> 0.036 | H9: 16 | I9: =G9*H9 -> 0.576 | J9: 1717 | K9: =I9*J9 -> 988.992 | L9: =IFERROR(VLOOKUP($E9,'Existing Lighting Schedule'!$A$3:$K$174,7,0),"") -> LED8.5 | M9: =IFERROR(VLOOKUP($E9,'Existing Lighting Schedule'!$A$3:$K$174,10,0),"") -> LED A19 Lamp (e.g. Philips EnduraLED) | N9: =IFERROR(VLOOKUP($E9,'Existing Lighting Schedule'!$A$3:$K$174,11,0),"") -> 0.0085 | O9: =H9*N9 -> 0.136 | P9: =J9*O9 -> 233.512 | Q9: =I9-O9 -> 0.44 | R9: =K9-P9 -> 755.48 | S9: =0.2304*R9 -> 174.06259 | T9: =IFERROR(VLOOKUP($L9,'Existing Lighting Schedule'!$G$3:$S$174,13,0),"") -> 17.975 | U9: =H9*T9 -> 287.6
A10: Ese | B10: O | C10: Interior | D10: Linear Fluorescent 2x4 | E10: F32T8/2 | F10: Recessed | G10: =IFERROR(VLOOKUP($E10,'Existing Lighting Schedule'!$A$3:$K$174,6,0),"") -> 0.059 | H10: 6 | I10: =G10*H10 -> 0.354 | J10: 1717 | K10: =I10*J10 -> 607.818 | L10: =IFERROR(VLOOKUP($E10,'Existing Lighting Schedule'!$A$3:$K$174,7,0),"") -> LED26 | M10: =IFERROR(VLOOKUP($E10,'Existing Lighting Schedule'!$A$3:$K$174,10,0),"") -> LED Troffer 2'x4' (e.g. Lithonia 2VTL4-30L-LP840) | N10: =IFERROR(VLOOKUP($E10,'Existing Lighting Schedule'!$A$3:$K$174,11,0),"") -> 0.026 | O10: =H10*N10 -> 0.156 | P10: =J10*O10 -> 267.852 | Q10: =I10-O10 -> 0.198 | R10: =K10-P10 -> 339.966 | S10: =0.2304*R10 -> 78.328166 | T10: =IFERROR(VLOOKUP($L10,'Existing Lighting Schedule'!$G$3:$S$174,13,0),"") -> 287.6 | U10: =H10*T10 -> 1725.6
A11: Ese | B11: O | C11: Exterior | D11: High Pressure Sodium Wall Pack | E11: HPS70/1 | F11: Wall Pack | G11: =IFERROR(VLOOKUP($E11,'Existing Lighting Schedule'!$A$3:$K$174,6,0),"") -> 0.095 | H11: 5 | I11: =G11*H11 -> 0.475 | J11: 4100 | K11: =I11*J11 -> 1947.5 | L11: =IFERROR(VLOOKUP($E11,'Existing Lighting Schedule'!$A$3:$K$174,7,0),"") -> LED35/1 | M11: =IFERROR(VLOOKUP($E11,'Existing Lighting Schedule'!$A$3:$K$174,10,0),"") -> LED Wall Pack Fixture (e.g. Lithonia DSXW1-20C-530-40K) | N11: =IFERROR(VLOOKUP($E11,'Existing Lighting Schedule'!$A$3:$K$174,11,0),"") -> 0.035 | O11: =H11*N11 -> 0.175 | P11: =J11*O11 -> 717.5 | Q11: 0 | R11: =K11-P11 -> 1230 | S11: =0.2304*R11 -> 283.392 | T11: =IFERROR(VLOOKUP($L11,'Existing Lighting Schedule'!$G$3:$S$174,13,0),"") -> 1078.5 | U11: =H11*T11 -> 5392.5
A12: Ese | B12: P | C12: Interior | D12: Linear Fluorescent 2x4 | E12: F32T8/3 | F12: Recessed | G12: =IFERROR(VLOOKUP($E12,'Existing Lighting Schedule'!$A$3:$K$174,6,0),"") -> 0.089 | H12: 90 | I12: =G12*H12 -> 8.01 | J12: 1717 | K12: =I12*J12 -> 13753.17 | L12: =IFERROR(VLOOKUP($E12,'Existing Lighting Schedule'!$A$3:$K$174,7,0),"") -> LED39 | M12: =IFERROR(VLOOKUP($E12,'Existing Lighting Schedule'!$A$3:$K$174,10,0),"") -> LED Volumetric Kit 2'x4' (e.g. Lithonia 2VTL4-48L-LP840) | N12: =IFERROR(VLOOKUP($E12,'Existing Lighting Schedule'!$A$3:$K$174,11,0),"") -> 0.039 | O12: =H12*N12 -> 3.51 | P12: =J12*O12 -> 6026.67 | Q12: =I12-O12 -> 4.5 | R12: =K12-P12 -> 7726.5 | S12: =0.2304*R12 -> 1780.1856 | T12: =IFERROR(VLOOKUP($L12,'Existing Lighting Schedule'!$G$3:$S$174,13,0),"") -> 287.6 | U12: =H12*T12 -> 25884
A13: Ese | B13: P | C13: Interior | D13: Linear Fluorescent 1x4 | E13: F32T8/2-s | F13: Surface | G13: =IFERROR(VLOOKUP($E13,'Existing Lighting Schedule'!$A$3:$K$174,6,0),"") -> 0.059 | H13: 6 | I13: =G13*H13 -> 0.354 | J13: 1717 | K13: =I13*J13 -> 607.818 | L13: =IFERROR(VLOOKUP($E13,'Existing Lighting Schedule'!$A$3:$K$174,7,0),"") -> LED34 | M13: =IFERROR(VLOOKUP($E13,'Existing Lighting Schedule'!$A$3:$K$174,10,0),"") -> LED Surface 1'x4' (e.g. Deco DSW-LED-4-35-40) | N13: =IFERROR(VLOOKUP($E13,'Existing Lighting Schedule'!$A$3:$K$174,11,0),"") -> 0.034 | O13: =H13*N13 -> 0.204 | P13: =J13*O13 -> 350.268 | Q13: =I13-O13 -> 0.15 | R13: =K13-P13 -> 257.55 | S13: =0.2304*R13 -> 59.33952 | T13: =IFERROR(VLOOKUP($L13,'Existing Lighting Schedule'!$G$3:$S$174,13,0),"") -> 377.475 | U13: =H13*T13 -> 2264.85
A14: Ese | B14: A | C14: Interior | D14: Linear Fluorescent 2x4 | E14: F32T8/3 | F14: Recessed | G14: =IFERROR(VLOOKUP($E14,'Existing Lighting Schedule'!$A$3:$K$174,6,0),"") -> 0.089 | H14: 24 | I14: =G14*H14 -> 2.136 | J14: 1717 | K14: =I14*J14 -> 3667.512 | L14: =IFERROR(VLOOKUP($E14,'Existing Lighting Schedule'!$A$3:$K$174,7,0),"") -> LED39 | M14: =IFERROR(VLOOKUP($E14,'Existing Lighting Schedule'!$A$3:$K$174,10,0),"") -> LED Volumetric Kit 2'x4' (e.g. Lithonia 2VTL4-48L-LP840) | N14: =IFERROR(VLOOKUP($E14,'Existing Lighting Schedule'!$A$3:$K$174,11,0),"") -> 0.039 | O14: =H14*N14 -> 0.936 | P14: =J14*O14 -> 1607.112 | Q14: =I14-O14 -> 1.2 | R14: =K14-P14 -> 2060.4 | S14: =0.2304*R14 -> 474.71616 | T14: =IFERROR(VLOOKUP($L14,'Existing Lighting Schedule'!$G$3:$S$174,13,0),"") -> 287.6 | U14: =H14*T14 -> 6902.4
A15: Ese | B15: A | C15: Interior | D15: Linear Fluorescent 1x4 | E15: F32T8/2-s | F15: Surface | G15: =IFERROR(VLOOKUP($E15,'Existing Lighting Schedule'!$A$3:$K$174,6,0),"") -> 0.059 | H15: 3 | I15: =G15*H15 -> 0.177 | J15: 1717 | K15: =I15*J15 -> 303.909 | L15: =IFERROR(VLOOKUP($E15,'Existing Lighting Schedule'!$A$3:$K$174,7,0),"") -> LED34 | M15: =IFERROR(VLOOKUP($E15,'Existing Lighting Schedule'!$A$3:$K$174,10,0),"") -> LED Surface 1'x4' (e.g. Deco DSW-LED-4-35-40) | N15: =IFERROR(VLOOKUP($E15,'Existing Lighting Schedule'!$A$3:$K$174,11,0),"") -> 0.034 | O15: =H15*N15 -> 0.102 | P15: =J15*O15 -> 175.134 | Q15: =I15-O15 -> 0.075 | R15: =K15-P15 -> 128.775 | S15: =0.2304*R15 -> 29.66976 | T15: =IFERROR(VLOOKUP($L15,'Existing Lighting Schedule'!$G$3:$S$174,13,0),"") -> 377.475 | U15: =H15*T15 -> 1132.425
A16: Ese | B16: A | C16: Interior | D16: Linear Fluorescent 1x4 | E16: F32T8/1-s | F16: Surface | G16: =IFERROR(VLOOKUP($E16,'Existing Lighting Schedule'!$A$3:$K$174,6,0),"") -> 0.031 | H16: 1 | I16: =G16*H16 -> 0.031 | J16: 1717 | K16: =I16*J16 -> 53.227 | L16: =IFERROR(VLOOKUP($E16,'Existing Lighting Schedule'!$A$3:$K$174,7,0),"") -> LED23 | M16: =IFERROR(VLOOKUP($E16,'Existing Lighting Schedule'!$A$3:$K$174,10,0),"") -> LED Surface 4' (e.g. Deco DACH-LED-4-23-40 | N16: =IFERROR(VLOOKUP($E16,'Existing Lighting Schedule'!$A$3:$K$174,11,0),"") -> 0.023 | O16: =H16*N16 -> 0.023 | P16: =J16*O16 -> 39.491 | Q16: =I16-O16 -> 0.008 | R16: =K16-P16 -> 13.736 | S16: =0.2304*R16 -> 3.1647744 | T16: =IFERROR(VLOOKUP($L16,'Existing Lighting Schedule'!$G$3:$S$174,13,0),"") -> 251.65 | U16: =H16*T16 -> 251.65
A17: Ese | B17: C | C17: Interior | D17: Linear Fluorescent 2x4 | E17: F32T8/3 | F17: Recessed | G17: =IFERROR(VLOOKUP($E17,'Existing Lighting Schedule'!$A$3:$K$174,6,0),"") -> 0.089 | H17: 24 | I17: =G17*H17 -> 2.136 | J17: 1717 | K17: =I17*J17 -> 3667.512 | L17: =IFERROR(VLOOKUP($E17,'Existing Lighting Schedule'!$A$3:$K$174,7,0),"") -> LED39 | M17: =IFERROR(VLOOKUP($E17,'Existing Lighting Schedule'!$A$3:$K$174,10,0),"") -> LED Volumetric Kit 2'x4' (e.g. Lithonia 2VTL4-48L-LP840) | N17: =IFERROR(VLOOKUP($E17,'Existing Lighting Schedule'!$A$3:$K$174,11,0),"") -> 0.039 | O17: =H17*N17 -> 0.936 | P17: =J17*O17 -> 1607.112 | Q17: =I17-O17 -> 1.2 | R17: =K17-P17 -> 2060.4 | S17: =0.2304*R17 -> 474.71616 | T17: =IFERROR(VLOOKUP($L17,'Existing Lighting Schedule'!$G$3:$S$174,13,0),"") -> 287.6 | U17: =H17*T17 -> 6902.4
A18: Ese | B18: C | C18: Interior | D18: Linear Fluorescent 1x4 | E18: F32T8/1-s | F18: Surface | G18: =IFERROR(VLOOKUP($E18,'Existing Lighting Schedule'!$A$3:$K$174,6,0),"") -> 0.031 | H18: 3 | I18: =G18*H18 -> 0.093 | J18: 1717 | K18: =I18*J18 -> 159.681 | L18: =IFERROR(VLOOKUP($E18,'Existing Lighting Schedule'!$A$3:$K$174,7,0),"") -> LED23 | M18: =IFERROR(VLOOKUP($E18,'Existing Lighting Schedule'!$A$3:$K$174,10,0),"") -> LED Surface 4' (e.g. Deco DACH-LED-4-23-40 | N18: =IFERROR(VLOOKUP($E18,'Existing Lighting Schedule'!$A$3:$K$174,11,0),"") -> 0.023 | O18: =H18*N18 -> 0.069 | P18: =J18*O18 -> 118.473 | Q18: =I18-O18 -> 0.024 | R18: =K18-P18 -> 41.208 | S18: =0.2304*R18 -> 9.4943232 | T18: =IFERROR(VLOOKUP($L18,'Existing Lighting Schedule'!$G$3:$S$174,13,0),"") -> 251.65 | U18: =H18*T18 -> 754.95
A19: Ese | B19: C | C19: Interior | D19: Linear Fluorescent 1x4 | E19: F32T8/2-s | F19: Surface | G19: =IFERROR(VLOOKUP($E19,'Existing Lighting Schedule'!$A$3:$K$174,6,0),"") -> 0.059 | H19: 6 | I19: =G19*H19 -> 0.354 | J19: 1717 | K19: =I19*J19 -> 607.818 | L19: =IFERROR(VLOOKUP($E19,'Existing Lighting Schedule'!$A$3:$K$174,7,0),"") -> LED34 | M19: =IFERROR(VLOOKUP($E19,'Existing Lighting Schedule'!$A$3:$K$174,10,0),"") -> LED Surface 1'x4' (e.g. Deco DSW-LED-4-35-40) | N19: =IFERROR(VLOOKUP($E19,'Existing Lighting Schedule'!$A$3:$K$174,11,0),"") -> 0.034 | O19: =H19*N19 -> 0.204 | P19: =J19*O19 -> 350.268 | Q19: =I19-O19 -> 0.15 | R19: =K19-P19 -> 257.55 | S19: =0.2304*R19 -> 59.33952 | T19: =IFERROR(VLOOKUP($L19,'Existing Lighting Schedule'!$G$3:$S$174,13,0),"") -> 377.475 | U19: =H19*T19 -> 2264.85
A20: Ese | B20: D | C20: Interior | D20: Linear Fluorescent 2x4 | E20: F32T8/3 | F20: Recessed | G20: =IFERROR(VLOOKUP($E20,'Existing Lighting Schedule'!$A$3:$K$174,6,0),"") -> 0.089 | H20: 36 | I20: =G20*H20 -> 3.204 | J20: 1717 | K20: =I20*J20 -> 5501.268 | L20: =IFERROR(VLOOKUP($E20,'Existing Lighting Schedule'!$A$3:$K$174,7,0),"") -> LED39 | M20: =IFERROR(VLOOKUP($E20,'Existing Lighting Schedule'!$A$3:$K$174,10,0),"") -> LED Volumetric Kit 2'x4' (e.g. Lithonia 2VTL4-48L-LP840) | N20: =IFERROR(VLOOKUP($E20,'Existing Lighting Schedule'!$A$3:$K$174,11,0),"") -> 0.039 | O20: =H20*N20 -> 1.404 | P20: =J20*O20 -> 2410.668 | Q20: =I20-O20 -> 1.8 | R20: =K20-P20 -> 3090.6 | S20: =0.2304*R20 -> 712.07424 | T20: =IFERROR(VLOOKUP($L20,'Existing Lighting Schedule'!$G$3:$S$174,13,0),"") -> 287.6 | U20: =H20*T20 -> 10353.6
A21: Ese | B21: D | C21: Interior | D21: Linear Fluorescent 1x4 | E21: F32T8/1-s | F21: Surface | G21: =IFERROR(VLOOKUP($E21,'Existing Lighting Schedule'!$A$3:$K$174,6,0),"") -> 0.031 | H21: 6 | I21: =G21*H21 -> 0.186 | J21: 1717 | K21: =I21*J21 -> 319.362 | L21: =IFERROR(VLOOKUP($E21,'Existing Lighting Schedule'!$A$3:$K$174,7,0),"") -> LED23 | M21: =IFERROR(VLOOKUP($E21,'Existing Lighting Schedule'!$A$3:$K$174,10,0),"") -> LED Surface 4' (e.g. Deco DACH-LED-4-23-40 | N21: =IFERROR(VLOOKUP($E21,'Existing Lighting Schedule'!$A$3:$K$174,11,0),"") -> 0.023 | O21: =H21*N21 -> 0.138 | P21: =J21*O21 -> 236.946 | Q21: =I21-O21 -> 0.048 | R21: =K21-P21 -> 82.416 | S21: =0.2304*R21 -> 18.988646 | T21: =IFERROR(VLOOKUP($L21,'Existing Lighting Schedule'!$G$3:$S$174,13,0),"") -> 251.65 | U21: =H21*T21 -> 1509.9
A22: Ese | B22: D | C22: Interior | D22: Linear Fluorescent 1x4 | E22: F32T8/2-s | F22: Surface | G22: =IFERROR(VLOOKUP($E22,'Existing Lighting Schedule'!$A$3:$K$174,6,0),"") -> 0.059 | H22: 7 | I22: =G22*H22 -> 0.413 | J22: 1717 | K22: =I22*J22 -> 709.121 | L22: =IFERROR(VLOOKUP($E22,'Existing Lighting Schedule'!$A$3:$K$174,7,0),"") -> LED34 | M22: =IFERROR(VLOOKUP($E22,'Existing Lighting Schedule'!$A$3:$K$174,10,0),"") -> LED Surface 1'x4' (e.g. Deco DSW-LED-4-35-40) | N22: =IFERROR(VLOOKUP($E22,'Existing Lighting Schedule'!$A$3:$K$174,11,0),"") -> 0.034 | O22: =H22*N22 -> 0.238 | P22: =J22*O22 -> 408.646 | Q22: =I22-O22 -> 0.175 | R22: =K22-P22 -> 300.475 | S22: =0.2304*R22 -> 69.22944 | T22: =IFERROR(VLOOKUP($L22,'Existing Lighting Schedule'!$G$3:$S$174,13,0),"") -> 377.475 | U22: =H22*T22 -> 2642.325
A23: Ese | B23: E | C23: Interior | D23: Linear Fluorescent 2x4 | E23: F32T8/3 | F23: Recessed | G23: =IFERROR(VLOOKUP($E23,'Existing Lighting Schedule'!$A$3:$K$174,6,0),"") -> 0.089 | H23: 48 | I23: =G23*H23 -> 4.272 | J23: 1717 | K23: =I23*J23 -> 7335.024 | L23: =IFERROR(VLOOKUP($E23,'Existing Lighting Schedule'!$A$3:$K$174,7,0),"") -> LED39 | M23: =IFERROR(VLOOKUP($E23,'Existing Lighting Schedule'!$A$3:$K$174,10,0),"") -> LED Volumetric Kit 2'x4' (e.g. Lithonia 2VTL4-48L-LP840) | N23: =IFERROR(VLOOKUP($E23,'Existing Lighting Schedule'!$A$3:$K$174,11,0),"") -> 0.039 | O23: =H23*N23 -> 1.872 | P23: =J23*O23 -> 3214.224 | Q23: =I23-O23 -> 2.4 | R23: =K23-P23 -> 4120.8 | S23: =0.2304*R23 -> 949.43232 | T23: =IFERROR(VLOOKUP($L23,'Existing Lighting Schedule'!$G$3:$S$174,13,0),"") -> 287.6 | U23: =H23*T23 -> 13804.8
... A42: Ese | B42: K | C42: Interior | D42: Linear Fluorescent 1x4 | E42: F32T8/2-s | F42: Surface | G42: =IFERROR(VLOOKUP($E42,'Existing Lighting Schedule'!$A$3:$K$174,6,0),"") -> 0.059 | H42: 2 | I42: =G42*H42 -> 0.118 | J42: 1717 | K42: =I42*J42 -> 202.606 | L42: =IFERROR(VLOOKUP($E42,'Existing Lighting Schedule'!$A$3:$K$174,7,0),"") -> LED34 | M42: =IFERROR(VLOOKUP($E42,'Existing Lighting Schedule'!$A$3:$K$174,10,0),"") -> LED Surface 1'x4' (e.g. Deco DSW-LED-4-35-40) | N42: =IFERROR(VLOOKUP($E42,'Existing Lighting Schedule'!$A$3:$K$174,11,0),"") -> 0.034 | O42: =H42*N42 -> 0.068 | P42: =J42*O42 -> 116.756 | Q42: =I42-O42 -> 0.05 | R42: =K42-P42 -> 85.85 | S42: =0.2304*R42 -> 19.77984 | T42: =IFERROR(VLOOKUP($L42,'Existing Lighting Schedule'!$G$3:$S$174,13,0),"") -> 377.475 | U42: =H42*T42 -> 754.95
A43: Ese | B43: K | C43: Exterior | D43: High Pressure Sodium Wall Pack | E43: HPS250/1 | F43: Wall Pack | G43: =IFERROR(VLOOKUP($E43,'Existing Lighting Schedule'!$A$3:$K$174,6,0),"") -> 0.295 | H43: 2 | I43: =G43*H43 -> 0.59 | J43: 4100 | K43: =I43*J43 -> 2419 | L43: =IFERROR(VLOOKUP($E43,'Existing Lighting Schedule'!$A$3:$K$174,7,0),"") -> LED54/1-WP | M43: =IFERROR(VLOOKUP($E43,'Existing Lighting Schedule'!$A$3:$K$174,10,0),"") -> LED Wall Pack Fixture (e.g. Lithonia DSXW2-30C-530-40K-T3M) | N43: =IFERROR(VLOOKUP($E43,'Existing Lighting Schedule'!$A$3:$K$174,11,0),"") -> 0.054 | O43: =H43*N43 -> 0.108 | P43: =J43*O43 -> 442.8 | Q43: 0 | R43: =K43-P43 -> 1976.2 | S43: =0.2304*R43 -> 455.31648 | T43: =IFERROR(VLOOKUP($L43,'Existing Lighting Schedule'!$G$3:$S$174,13,0),"") -> 629.125 | U43: =H43*T43 -> 1258.25
A44: Ese | B44: M | C44: Interior | D44: Linear Fluorescent 2x4 | E44: F32T8/3 | F44: Recessed | G44: =IFERROR(VLOOKUP($E44,'Existing Lighting Schedule'!$A$3:$K$174,6,0),"") -> 0.089 | H44: 96 | I44: =G44*H44 -> 8.544 | J44: 1717 | K44: =I44*J44 -> 14670.048 | L44: =IFERROR(VLOOKUP($E44,'Existing Lighting Schedule'!$A$3:$K$174,7,0),"") -> LED39 | M44: =IFERROR(VLOOKUP($E44,'Existing Lighting Schedule'!$A$3:$K$174,10,0),"") -> LED Volumetric Kit 2'x4' (e.g. Lithonia 2VTL4-48L-LP840) | N44: =IFERROR(VLOOKUP($E44,'Existing Lighting Schedule'!$A$3:$K$174,11,0),"") -> 0.039 | O44: =H44*N44 -> 3.744 | P44: =J44*O44 -> 6428.448 | Q44: =I44-O44 -> 4.8 | R44: =K44-P44 -> 8241.6 | S44: =0.2304*R44 -> 1898.8646 | T44: =IFERROR(VLOOKUP($L44,'Existing Lighting Schedule'!$G$3:$S$174,13,0),"") -> 287.6 | U44: =H44*T44 -> 27609.6
A45: Ese | B45: M | C45: Interior | D45: Linear Fluorescent 1x4 | E45: F32T8/1-s | F45: Surface | G45: =IFERROR(VLOOKUP($E45,'Existing Lighting Schedule'!$A$3:$K$174,6,0),"") -> 0.031 | H45: 4 | I45: =G45*H45 -> 0.124 | J45: 1717 | K45: =I45*J45 -> 212.908 | L45: =IFERROR(VLOOKUP($E45,'Existing Lighting Schedule'!$A$3:$K$174,7,0),"") -> LED23 | M45: =IFERROR(VLOOKUP($E45,'Existing Lighting Schedule'!$A$3:$K$174,10,0),"") -> LED Surface 4' (e.g. Deco DACH-LED-4-23-40 | N45: =IFERROR(VLOOKUP($E45,'Existing Lighting Schedule'!$A$3:$K$174,11,0),"") -> 0.023 | O45: =H45*N45 -> 0.092 | P45: =J45*O45 -> 157.964 | Q45: =I45-O45 -> 0.032 | R45: =K45-P45 -> 54.944 | S45: =0.2304*R45 -> 12.659098 | T45: =IFERROR(VLOOKUP($L45,'Existing Lighting Schedule'!$G$3:$S$174,13,0),"") -> 251.65 | U45: =H45*T45 -> 1006.6
A46: Ese | B46: M | C46: Interior | D46: Linear Fluorescent 1x4 | E46: F32T8/2-s | F46: Surface | G46: =IFERROR(VLOOKUP($E46,'Existing Lighting Schedule'!$A$3:$K$174,6,0),"") -> 0.059 | H46: 6 | I46: =G46*H46 -> 0.354 | J46: 1717 | K46: =I46*J46 -> 607.818 | L46: =IFERROR(VLOOKUP($E46,'Existing Lighting Schedule'!$A$3:$K$174,7,0),"") -> LED34 | M46: =IFERROR(VLOOKUP($E46,'Existing Lighting Schedule'!$A$3:$K$174,10,0),"") -> LED Surface 1'x4' (e.g. Deco DSW-LED-4-35-40) | N46: =IFERROR(VLOOKUP($E46,'Existing Lighting Schedule'!$A$3:$K$174,11,0),"") -> 0.034 | O46: =H46*N46 -> 0.204 | P46: =J46*O46 -> 350.268 | Q46: =I46-O46 -> 0.15 | R46: =K46-P46 -> 257.55 | S46: =0.2304*R46 -> 59.33952 | T46: =IFERROR(VLOOKUP($L46,'Existing Lighting Schedule'!$G$3:$S$174,13,0),"") -> 377.475 | U46: =H46*T46 -> 2264.85
A47: Ese | B47: M | C47: Interior | D47: Linear Fluorescent 2x4 | E47: F32T8/4 | F47: Recessed | G47: =IFERROR(VLOOKUP($E47,'Existing Lighting Schedule'!$A$3:$K$174,6,0),"") -> 0.112 | H47: 72 | I47: =G47*H47 -> 8.064 | J47: 1717 | K47: =I47*J47 -> 13845.888 | L47: =IFERROR(VLOOKUP($E47,'Existing Lighting Schedule'!$A$3:$K$174,7,0),"") -> LED39 | M47: =IFERROR(VLOOKUP($E47,'Existing Lighting Schedule'!$A$3:$K$174,10,0),"") -> LED Volumetric Kit 2'x4' (e.g. Lithonia 2VTL4-48L-LP840) | N47: =IFERROR(VLOOKUP($E47,'Existing Lighting Schedule'!$A$3:$K$174,11,0),"") -> 0.039 | O47: =H47*N47 -> 2.808 | P47: =J47*O47 -> 4821.336 | Q47: =I47-O47 -> 5.256 | R47: =K47-P47 -> 9024.552 | S47: =0.2304*R47 -> 2079.2568 | T47: =IFERROR(VLOOKUP($L47,'Existing Lighting Schedule'!$G$3:$S$174,13,0),"") -> 287.6 | U47: =H47*T47 -> 20707.2
A48: Ese | B48: SC | C48: Interior | D48: Linear Fluorescent 2x4 | E48: F32T8/2 | F48: Recessed | G48: =IFERROR(VLOOKUP($E48,'Existing Lighting Schedule'!$A$3:$K$174,6,0),"") -> 0.059 | H48: 11 | I48: =G48*H48 -> 0.649 | J48: 1717 | K48: =I48*J48 -> 1114.333 | L48: =IFERROR(VLOOKUP($E48,'Existing Lighting Schedule'!$A$3:$K$174,7,0),"") -> LED26 | M48: =IFERROR(VLOOKUP($E48,'Existing Lighting Schedule'!$A$3:$K$174,10,0),"") -> LED Troffer 2'x4' (e.g. Lithonia 2VTL4-30L-LP840) | N48: =IFERROR(VLOOKUP($E48,'Existing Lighting Schedule'!$A$3:$K$174,11,0),"") -> 0.026 | O48: =H48*N48 -> 0.286 | P48: =J48*O48 -> 491.062 | Q48: =I48-O48 -> 0.363 | R48: =K48-P48 -> 623.271 | S48: =0.2304*R48 -> 143.60164 | T48: =IFERROR(VLOOKUP($L48,'Existing Lighting Schedule'!$G$3:$S$174,13,0),"") -> 287.6 | U48: =H48*T48 -> 3163.6
A49: Ese | B49: SC | C49: Interior | D49: Linear Fluorescent 2x4 | E49: F32T8/3 | F49: Recessed | G49: =IFERROR(VLOOKUP($E49,'Existing Lighting Schedule'!$A$3:$K$174,6,0),"") -> 0.089 | H49: 82 | I49: =G49*H49 -> 7.298 | J49: 1717 | K49: =I49*J49 -> 12530.666 | L49: =IFERROR(VLOOKUP($E49,'Existing Lighting Schedule'!$A$3:$K$174,7,0),"") -> LED39 | M49: =IFERROR(VLOOKUP($E49,'Existing Lighting Schedule'!$A$3:$K$174,10,0),"") -> LED Volumetric Kit 2'x4' (e.g. Lithonia 2VTL4-48L-LP840) | N49: =IFERROR(VLOOKUP($E49,'Existing Lighting Schedule'!$A$3:$K$174,11,0),"") -> 0.039 | O49: =H49*N49 -> 3.198 | P49: =J49*O49 -> 5490.966 | Q49: =I49-O49 -> 4.1 | R49: =K49-P49 -> 7039.7 | S49: =0.2304*R49 -> 1621.9469 | T49: =IFERROR(VLOOKUP($L49,'Existing Lighting Schedule'!$G$3:$S$174,13,0),"") -> 287.6 | U49: =H49*T49 -> 23583.2
A50: Ese | B50: SC | C50: Interior | D50: Linear Fluorescent 1x4 | E50: F32T8/1-s | F50: Surface | G50: =IFERROR(VLOOKUP($E50,'Existing Lighting Schedule'!$A$3:$K$174,6,0),"") -> 0.031 | H50: 28 | I50: =G50*H50 -> 0.868 | J50: 1717 | K50: =I50*J50 -> 1490.356 | L50: =IFERROR(VLOOKUP($E50,'Existing Lighting Schedule'!$A$3:$K$174,7,0),"") -> LED23 | M50: =IFERROR(VLOOKUP($E50,'Existing Lighting Schedule'!$A$3:$K$174,10,0),"") -> LED Surface 4' (e.g. Deco DACH-LED-4-23-40 | N50: =IFERROR(VLOOKUP($E50,'Existing Lighting Schedule'!$A$3:$K$174,11,0),"") -> 0.023 | O50: =H50*N50 -> 0.644 | P50: =J50*O50 -> 1105.748 | Q50: =I50-O50 -> 0.224 | R50: =K50-P50 -> 384.608 | S50: =0.2304*R50 -> 88.613683 | T50: =IFERROR(VLOOKUP($L50,'Existing Lighting Schedule'!$G$3:$S$174,13,0),"") -> 251.65 | U50: =H50*T50 -> 7046.2
A51: Ese | B51: SC | C51: Interior | D51: Linear Fluorescent 2x4 | E51: F32T8/3-s | F51: Surface | G51: =IFERROR(VLOOKUP($E51,'Existing Lighting Schedule'!$A$3:$K$174,6,0),"") -> 0.089 | H51: 1 | I51: =G51*H51 -> 0.089 | J51: 1717 | K51: =I51*J51 -> 152.813 | L51: =IFERROR(VLOOKUP($E51,'Existing Lighting Schedule'!$A$3:$K$174,7,0),"") -> LED32 | M51: =IFERROR(VLOOKUP($E51,'Existing Lighting Schedule'!$A$3:$K$174,10,0),"") -> LED Surface 2'x4' (e.g. Lithonia 2TLX4-40L-A12-LP850) | N51: =IFERROR(VLOOKUP($E51,'Existing Lighting Schedule'!$A$3:$K$174,11,0),"") -> 0.032 | O51: =H51*N51 -> 0.032 | P51: =J51*O51 -> 54.944 | Q51: =I51-O51 -> 0.057 | R51: =K51-P51 -> 97.869 | S51: =0.2304*R51 -> 22.549018 | T51: =IFERROR(VLOOKUP($L51,'Existing Lighting Schedule'!$G$3:$S$174,13,0),"") -> 341.525 | U51: =H51*T51 -> 341.525
A52: Ese | B52: SC | C52: Interior | D52: Linear Fluorescent 2x4 | E52: F32T8/4 | F52: Recessed | G52: =IFERROR(VLOOKUP($E52,'Existing Lighting Schedule'!$A$3:$K$174,6,0),"") -> 0.112 | H52: 30 | I52: =G52*H52 -> 3.36 | J52: 1717 | K52: =I52*J52 -> 5769.12 | L52: =IFERROR(VLOOKUP($E52,'Existing Lighting Schedule'!$A$3:$K$174,7,0),"") -> LED39 | M52: =IFERROR(VLOOKUP($E52,'Existing Lighting Schedule'!$A$3:$K$174,10,0),"") -> LED Volumetric Kit 2'x4' (e.g. Lithonia 2VTL4-48L-LP840) | N52: =IFERROR(VLOOKUP($E52,'Existing Lighting Schedule'!$A$3:$K$174,11,0),"") -> 0.039 | O52: =H52*N52 -> 1.17 | P52: =J52*O52 -> 2008.89 | Q52: =I52-O52 -> 2.19 | R52: =K52-P52 -> 3760.23 | S52: =0.2304*R52 -> 866.35699 | T52: =IFERROR(VLOOKUP($L52,'Existing Lighting Schedule'!$G$3:$S$174,13,0),"") -> 287.6 | U52: =H52*T52 -> 8628
A53: Ese | B53: Gym | C53: Interior | D53: Linear Fluorescent 2x4 | E53: F32T8/4 | F53: Recessed | G53: =IFERROR(VLOOKUP($E53,'Existing Lighting Schedule'!$A$3:$K$174,6,0),"") -> 0.112 | H53: 12 | I53: =G53*H53 -> 1.344 | J53: 1717 | K53: =I53*J53 -> 2307.648 | L53: =IFERROR(VLOOKUP($E53,'Existing Lighting Schedule'!$A$3:$K$174,7,0),"") -> LED39 | M53: =IFERROR(VLOOKUP($E53,'Existing Lighting Schedule'!$A$3:$K$174,10,0),"") -> LED Volumetric Kit 2'x4' (e.g. Lithonia 2VTL4-48L-LP840) | N53: =IFERROR(VLOOKUP($E53,'Existing Lighting Schedule'!$A$3:$K$174,11,0),"") -> 0.039 | O53: =H53*N53 -> 0.468 | P53: =J53*O53 -> 803.556 | Q53: =I53-O53 -> 0.876 | R53: =K53-P53 -> 1504.092 | S53: =0.2304*R53 -> 346.5428 | T53: =IFERROR(VLOOKUP($L53,'Existing Lighting Schedule'!$G$3:$S$174,13,0),"") -> 287.6 | U53: =H53*T53 -> 3451.2
A54: Ese | B54: Gym | C54: Interior | D54: Linear Fluorescent 2x4 | E54: F32T8/3 | F54: Recessed | G54: =IFERROR(VLOOKUP($E54,'Existing Lighting Schedule'!$A$3:$K$174,6,0),"") -> 0.089 | H54: 42 | I54: =G54*H54 -> 3.738 | J54: 1717 | K54: =I54*J54 -> 6418.146 | L54: =IFERROR(VLOOKUP($E54,'Existing Lighting Schedule'!$A$3:$K$174,7,0),"") -> LED39 | M54: =IFERROR(VLOOKUP($E54,'Existing Lighting Schedule'!$A$3:$K$174,10,0),"") -> LED Volumetric Kit 2'x4' (e.g. Lithonia 2VTL4-48L-LP840) | N54: =IFERROR(VLOOKUP($E54,'Existing Lighting Schedule'!$A$3:$K$174,11,0),"") -> 0.039 | O54: =H54*N54 -> 1.638 | P54: =J54*O54 -> 2812.446 | Q54: =I54-O54 -> 2.1 | R54: =K54-P54 -> 3605.7 | S54: =0.2304*R54 -> 830.75328 | T54: =IFERROR(VLOOKUP($L54,'Existing Lighting Schedule'!$G$3:$S$174,13,0),"") -> 287.6 | U54: =H54*T54 -> 12079.2
A55: Ese | B55: Gym | C55: Interior | D55: Linear Fluorescent 1x4 | E55: F32T8/1-s | F55: Surface | G55: =IFERROR(VLOOKUP($E55,'Existing Lighting Schedule'!$A$3:$K$174,6,0),"") -> 0.031 | H55: 3 | I55: =G55*H55 -> 0.093 | J55: 1717 | K55: =I55*J55 -> 159.681 | L55: =IFERROR(VLOOKUP($E55,'Existing Lighting Schedule'!$A$3:$K$174,7,0),"") -> LED23 | M55: =IFERROR(VLOOKUP($E55,'Existing Lighting Schedule'!$A$3:$K$174,10,0),"") -> LED Surface 4' (e.g. Deco DACH-LED-4-23-40 | N55: =IFERROR(VLOOKUP($E55,'Existing Lighting Schedule'!$A$3:$K$174,11,0),"") -> 0.023 | O55: =H55*N55 -> 0.069 | P55: =J55*O55 -> 118.473 | Q55: =I55-O55 -> 0.024 | R55: =K55-P55 -> 41.208 | S55: =0.2304*R55 -> 9.4943232 | T55: =IFERROR(VLOOKUP($L55,'Existing Lighting Schedule'!$G$3:$S$174,13,0),"") -> 251.65 | U55: =H55*T55 -> 754.95
A56: Ese | B56: Gym | C56: Exterior | D56: High Pressure Sodium Wall Pack | E56: HPS70/1 | F56: Wall Pack | G56: =IFERROR(VLOOKUP($E56,'Existing Lighting Schedule'!$A$3:$K$174,6,0),"") -> 0.095 | H56: 8 | I56: =G56*H56 -> 0.76 | J56: 4100 | K56: =I56*J56 -> 3116 | L56: =IFERROR(VLOOKUP($E56,'Existing Lighting Schedule'!$A$3:$K$174,7,0),"") -> LED35/1 | M56: =IFERROR(VLOOKUP($E56,'Existing Lighting Schedule'!$A$3:$K$174,10,0),"") -> LED Wall Pack Fixture (e.g. Lithonia DSXW1-20C-530-40K) | N56: =IFERROR(VLOOKUP($E56,'Existing Lighting Schedule'!$A$3:$K$174,11,0),"") -> 0.035 | O56: =H56*N56 -> 0.28 | P56: =J56*O56 -> 1148 | Q56: 0 | R56: =K56-P56 -> 1968 | S56: =0.2304*R56 -> 453.4272 | T56: =IFERROR(VLOOKUP($L56,'Existing Lighting Schedule'!$G$3:$S$174,13,0),"") -> 1078.5 | U56: =H56*T56 -> 8628
A57: Ese | B57: Gym | C57: Interior | D57: Linear Fluorescent 2x4 | E57: F32T8/6 | F57: Recessed | G57: =IFERROR(VLOOKUP($E57,'Existing Lighting Schedule'!$A$3:$K$174,6,0),"") -> 0.175 | H57: 62 | I57: =G57*H57 -> 10.85 | J57: 1717 | K57: =I57*J57 -> 18629.45 | L57: =IFERROR(VLOOKUP($E57,'Existing Lighting Schedule'!$A$3:$K$174,7,0),"") -> LED59 | M57: =IFERROR(VLOOKUP($E57,'Existing Lighting Schedule'!$A$3:$K$174,10,0),"") -> LED Volumetric Kit 2'x4' (e.g. Lithonia 2VTL4-48L-LP840) | N57: =IFERROR(VLOOKUP($E57,'Existing Lighting Schedule'!$A$3:$K$174,11,0),"") -> 0.039 | O57: =H57*N57 -> 2.418 | P57: =J57*O57 -> 4151.706 | Q57: =I57-O57 -> 8.432 | R57: =K57-P57 -> 14477.744 | S57: =0.2304*R57 -> 3335.6722 | T57: =IFERROR(VLOOKUP($L57,'Existing Lighting Schedule'!$G$3:$S$174,13,0),"") -> 287.6 | U57: =H57*T57 -> 17831.2
A58: Ese | B58: Gym | C58: Interior | D58: Linear Fluorescent 1x4 | E58: F32T8/2-1 | F58: Recessed | G58: =IFERROR(VLOOKUP($E58,'Existing Lighting Schedule'!$A$3:$K$174,6,0),"") -> 0.059 | H58: 12 | I58: =G58*H58 -> 0.708 | J58: 1717 | K58: =I58*J58 -> 1215.636 | L58: =IFERROR(VLOOKUP($E58,'Existing Lighting Schedule'!$A$3:$K$174,7,0),"") -> LED29 | M58: =IFERROR(VLOOKUP($E58,'Existing Lighting Schedule'!$A$3:$K$174,10,0),"") -> LED Troffer 1'x4' (e.g. Lithonia VTL4-30L-LP840) | N58: =IFERROR(VLOOKUP($E58,'Existing Lighting Schedule'!$A$3:$K$174,11,0),"") -> 0.029 | O58: =H58*N58 -> 0.348 | P58: =J58*O58 -> 597.516 | Q58: =I58-O58 -> 0.36 | R58: =K58-P58 -> 618.12 | S58: =0.2304*R58 -> 142.41485 | T58: =IFERROR(VLOOKUP($L58,'Existing Lighting Schedule'!$G$3:$S$174,13,0),"") -> 341.525 | U58: =H58*T58 -> 4098.3
H61: Total kW | I61: =SUBTOTAL(9,I8:I58) -> 91.622 | J61: Total kWh | K61: =SUBTOTAL(9,K8:K58) -> 161663.95 | N61: TOTALS | O61: =SUBTOTAL(9,O8:O58) -> 37.37 | P61: =SUBTOTAL(9,P8:P58) -> 65505.919 | Q61: =SUBTOTAL(9,Q8:Q58) -> 52.99 | R61: =SUBTOTAL(9,R8:R58) -> 96158.03 | S61: =SUBTOTAL(9,S8:S58) -> 22154.81 | U61: =SUBTOTAL(9,U8:U58) -> 315730.88

Sheet Moorpark HS
B2: MOORPARK HIGH SCHOOL
B3: Existing Fixtures | L3: Proposed Fixtures | Q3: Demand Savings (kW/year) | R3: Energy Savings (kWh/year) | S3: Utility Cost Savings (kWh/year) | T3: Unit Fixture Cost | U3: Estimated Total Cost
D4: Fixture Data | I4: Electric Demand (kW) | J4: Annual Hours of Operation | K4: Total Annual Energy Consumption (kWh) | L4: Fixture Code | M4: Fixture Description | N4: Input kW | O4: Electric Demand (kW) | P4: Total Annual Energy Consumption (kWh)
B5: Building | C5: Interior / Exterior | D5: Description | E5: Lamp Type | F5: Mounting | G5: kW | H5: Fixture Qty
A8: Ese | B8: A | C8: Interior | D8: Linear Fluorescent 2x4 | E8: F32T8/3 | F8: Recessed | G8: =IFERROR(VLOOKUP($E8,'Existing Lighting Schedule'!$A$3:$K$174,6,0),"") -> 0.089 | H8: 51 | I8: =G8*H8 -> 4.539 | J8: 1717 | K8: =I8*J8 -> 7793.463 | L8: =IFERROR(VLOOKUP($E8,'Existing Lighting Schedule'!$A$3:$K$174,7,0),"") -> LED39 | M8: =IFERROR(VLOOKUP($E8,'Existing Lighting Schedule'!$A$3:$K$174,10,0),"") -> LED Volumetric Kit 2'x4' (e.g. Lithonia 2VTL4-48L-LP840) | N8: =IFERROR(VLOOKUP($E8,'Existing Lighting Schedule'!$A$3:$K$174,11,0),"") -> 0.039 | O8: =H8*N8 -> 1.989 | P8: =J8*O8 -> 3415.113 | Q8: =I8-O8 -> 2.55 | R8: =K8-P8 -> 4378.35 | S8: =0.1799*R8 -> 787.66516 | T8: =IFERROR(VLOOKUP($L8,'Existing Lighting Schedule'!$G$3:$S$174,13,0),"") -> 287.6 | U8: =H8*T8 -> 14667.6
A9: Ese | B9: A | C9: Interior | D9: Linear Fluorescent 2x4 | E9: F32T8/2 | F9: Recessed | G9: =IFERROR(VLOOKUP($E9,'Existing Lighting Schedule'!$A$3:$K$174,6,0),"") -> 0.059 | H9: 21 | I9: =G9*H9 -> 1.239 | J9: 1717 | K9: =I9*J9 -> 2127.363 | L9: =IFERROR(VLOOKUP($E9,'Existing Lighting Schedule'!$A$3:$K$174,7,0),"") -> LED26 | M9: =IFERROR(VLOOKUP($E9,'Existing Lighting Schedule'!$A$3:$K$174,10,0),"") -> LED Troffer 2'x4' (e.g. Lithonia 2VTL4-30L-LP840) | N9: =IFERROR(VLOOKUP($E9,'Existing Lighting Schedule'!$A$3:$K$174,11,0),"") -> 0.026 | O9: =H9*N9 -> 0.546 | P9: =J9*O9 -> 937.482 | Q9: =I9-O9 -> 0.693 | R9: =K9-P9 -> 1189.881 | S9: =0.1799*R9 -> 214.05959 | T9: =IFERROR(VLOOKUP($L9,'Existing Lighting Schedule'!$G$3:$S$174,13,0),"") -> 287.6 | U9: =H9*T9 -> 6039.6
A10: Ese | B10: A | C10: Interior | D10: Linear Fluorescent 2x4 | E10: F32T8/4-s | F10: Surface | G10: =IFERROR(VLOOKUP($E10,'Existing Lighting Schedule'!$A$3:$K$174,6,0),"") -> 0.112 | H10: 13 | I10: =G10*H10 -> 1.456 | J10: 1717 | K10: =I10*J10 -> 2499.952 | L10: =IFERROR(VLOOKUP($E10,'Existing Lighting Schedule'!$A$3:$K$174,7,0),"") -> LED32 | M10: =IFERROR(VLOOKUP($E10,'Existing Lighting Schedule'!$A$3:$K$174,10,0),"") -> LED Surface 2'x4' (e.g. Lithonia 2TLX4-40L-A12-LP850) | N10: =IFERROR(VLOOKUP($E10,'Existing Lighting Schedule'!$A$3:$K$174,11,0),"") -> 0.032 | O10: =H10*N10 -> 0.416 | P10: =J10*O10 -> 714.272 | Q10: =I10-O10 -> 1.04 | R10: =K10-P10 -> 1785.68 | S10: =0.1799*R10 -> 321.24383 | T10: =IFERROR(VLOOKUP($L10,'Existing Lighting Schedule'!$G$3:$S$174,13,0),"") -> 341.525 | U10: =H10*T10 -> 4439.825
A11: Ese | B11: A | C11: Interior | D11: Linear Fluorescent 2x4 | E11: F32T8/3-s | F11: Surface | G11: =IFERROR(VLOOKUP($E11,'Existing Lighting Schedule'!$A$3:$K$174,6,0),"") -> 0.089 | H11: 12 | I11: =G11*H11 -> 1.068 | J11: 1717 | K11: =I11*J11 -> 1833.756 | L11: =IFERROR(VLOOKUP($E11,'Existing Lighting Schedule'!$A$3:$K$174,7,0),"") -> LED32 | M11: =IFERROR(VLOOKUP($E11,'Existing Lighting Schedule'!$A$3:$K$174,10,0),"") -> LED Surface 2'x4' (e.g. Lithonia 2TLX4-40L-A12-LP850) | N11: =IFERROR(VLOOKUP($E11,'Existing Lighting Schedule'!$A$3:$K$174,11,0),"") -> 0.032 | O11: =H11*N11 -> 0.384 | P11: =J11*O11 -> 659.328 | Q11: =I11-O11 -> 0.684 | R11: =K11-P11 -> 1174.428 | S11: =0.1799*R11 -> 211.2796 | T11: =IFERROR(VLOOKUP($L11,'Existing Lighting Schedule'!$G$3:$S$174,13,0),"") -> 341.525 | U11: =H11*T11 -> 4098.3
A12: Ese | B12: A | C12: Interior | D12: Linear Fluorescent 2x4 | E12: F32T8/2-s2 | F12: Surface | G12: =IFERROR(VLOOKUP($E12,'Existing Lighting Schedule'!$A$3:$K$174,6,0),"") -> 0.059 | H12: 90 | I12: =G12*H12 -> 5.31 | J12: 1717 | K12: =I12*J12 -> 9117.27 | L12: =IFERROR(VLOOKUP($E12,'Existing Lighting Schedule'!$A$3:$K$174,7,0),"") -> LED32 | M12: =IFERROR(VLOOKUP($E12,'Existing Lighting Schedule'!$A$3:$K$174,10,0),"") -> LED Surface 2'x4' (e.g. Lithonia 2TLX4-40L-A12-LP850) | N12: =IFERROR(VLOOKUP($E12,'Existing Lighting Schedule'!$A$3:$K$174,11,0),"") -> 0.032 | O12: =H12*N12 -> 2.88 | P12: =J12*O12 -> 4944.96 | Q12: =I12-O12 -> 2.43 | R12: =K12-P12 -> 4172.31 | S12: =0.1799*R12 -> 750.59857 | T12: =IFERROR(VLOOKUP($L12,'Existing Lighting Schedule'!$G$3:$S$174,13,0),"") -> 341.525 | U12: =H12*T12 -> 30737.25
A13: Ese | B13: A | C13: Interior | D13: Linear Fluorescent 1x4 | E13: F32T8/2-s | F13: Surface | G13: =IFERROR(VLOOKUP($E13,'Existing Lighting Schedule'!$A$3:$K$174,6,0),"") -> 0.059 | H13: 19 | I13: =G13*H13 -> 1.121 | J13: 1717 | K13: =I13*J13 -> 1924.757 | L13: =IFERROR(VLOOKUP($E13,'Existing Lighting Schedule'!$A$3:$K$174,7,0),"") -> LED34 | M13: =IFERROR(VLOOKUP($E13,'Existing Lighting Schedule'!$A$3:$K$174,10,0),"") -> LED Surface 1'x4' (e.g. Deco DSW-LED-4-35-40) | N13: =IFERROR(VLOOKUP($E13,'Existing Lighting Schedule'!$A$3:$K$174,11,0),"") -> 0.034 | O13: =H13*N13 -> 0.646 | P13: =J13*O13 -> 1109.182 | Q13: =I13-O13 -> 0.475 | R13: =K13-P13 -> 815.575 | S13: =0.1799*R13 -> 146.72194 | T13: =IFERROR(VLOOKUP($L13,'Existing Lighting Schedule'!$G$3:$S$174,13,0),"") -> 377.475 | U13: =H13*T13 -> 7172.025
A14: Ese | B14: A | C14: Interior | D14: Linear Fluorescent 1x4 | E14: F32T8/1-s | F14: Surface | G14: =IFERROR(VLOOKUP($E14,'Existing Lighting Schedule'!$A$3:$K$174,6,0),"") -> 0.031 | H14: 42 | I14: =G14*H14 -> 1.302 | J14: 1717 | K14: =I14*J14 -> 2235.534 | L14: =IFERROR(VLOOKUP($E14,'Existing Lighting Schedule'!$A$3:$K$174,7,0),"") -> LED23 | M14: =IFERROR(VLOOKUP($E14,'Existing Lighting Schedule'!$A$3:$K$174,10,0),"") -> LED Surface 4' (e.g. Deco DACH-LED-4-23-40 | N14: =IFERROR(VLOOKUP($E14,'Existing Lighting Schedule'!$A$3:$K$174,11,0),"") -> 0.023 | O14: =H14*N14 -> 0.966 | P14: =J14*O14 -> 1658.622 | Q14: =I14-O14 -> 0.336 | R14: =K14-P14 -> 576.912 | S14: =0.1799*R14 -> 103.78647 | T14: =IFERROR(VLOOKUP($L14,'Existing Lighting Schedule'!$G$3:$S$174,13,0),"") -> 251.65 | U14: =H14*T14 -> 10569.3
A15: Ese | B15: B | C15: Interior | D15: Linear Fluorescent 2x4 | E15: F32T8/3 | F15: Recessed | G15: =IFERROR(VLOOKUP($E15,'Existing Lighting Schedule'!$A$3:$K$174,6,0),"") -> 0.089 | H15: 85 | I15: =G15*H15 -> 7.565 | J15: 1717 | K15: =I15*J15 -> 12989.105 | L15: =IFERROR(VLOOKUP($E15,'Existing Lighting Schedule'!$A$3:$K$174,7,0),"") -> LED39 | M15: =IFERROR(VLOOKUP($E15,'Existing Lighting Schedule'!$A$3:$K$174,10,0),"") -> LED Volumetric Kit 2'x4' (e.g. Lithonia 2VTL4-48L-LP840) | N15: =IFERROR(VLOOKUP($E15,'Existing Lighting Schedule'!$A$3:$K$174,11,0),"") -> 0.039 | O15: =H15*N15 -> 3.315 | P15: =J15*O15 -> 5691.855 | Q15: =I15-O15 -> 4.25 | R15: =K15-P15 -> 7297.25 | S15: =0.1799*R15 -> 1312.7753 | T15: =IFERROR(VLOOKUP($L15,'Existing Lighting Schedule'!$G$3:$S$174,13,0),"") -> 287.6 | U15: =H15*T15 -> 24446
A16: Ese | B16: B | C16: Interior | D16: Linear Fluorescent 2x4 | E16: F32T8/2 | F16: Recessed | G16: =IFERROR(VLOOKUP($E16,'Existing Lighting Schedule'!$A$3:$K$174,6,0),"") -> 0.059 | H16: 21 | I16: =G16*H16 -> 1.239 | J16: 1717 | K16: =I16*J16 -> 2127.363 | L16: =IFERROR(VLOOKUP($E16,'Existing Lighting Schedule'!$A$3:$K$174,7,0),"") -> LED26 | M16: =IFERROR(VLOOKUP($E16,'Existing Lighting Schedule'!$A$3:$K$174,10,0),"") -> LED Troffer 2'x4' (e.g. Lithonia 2VTL4-30L-LP840) | N16: =IFERROR(VLOOKUP($E16,'Existing Lighting Schedule'!$A$3:$K$174,11,0),"") -> 0.026 | O16: =H16*N16 -> 0.546 | P16: =J16*O16 -> 937.482 | Q16: =I16-O16 -> 0.693 | R16: =K16-P16 -> 1189.881 | S16: =0.1799*R16 -> 214.05959 | T16: =IFERROR(VLOOKUP($L16,'Existing Lighting Schedule'!$G$3:$S$174,13,0),"") -> 287.6 | U16: =H16*T16 -> 6039.6
A17: Ese | B17: B | C17: Interior | D17: Linear Fluorescent 2x2 U-tube | E17: FU31T8/2 | F17: Recessed | G17: =IFERROR(VLOOKUP($E17,'Existing Lighting Schedule'!$A$3:$K$174,6,0),"") -> 0.059 | H17: 2 | I17: =G17*H17 -> 0.118 | J17: 1717 | K17: =I17*J17 -> 202.606 | L17: =IFERROR(VLOOKUP($E17,'Existing Lighting Schedule'!$A$3:$K$174,7,0),"") -> LED31 | M17: =IFERROR(VLOOKUP($E17,'Existing Lighting Schedule'!$A$3:$K$174,10,0),"") -> LED Volumetric Kit 2'x2' (e.g. Lithonia 2VTL2-33L-ADP-LP840) | N17: =IFERROR(VLOOKUP($E17,'Existing Lighting Schedule'!$A$3:$K$174,11,0),"") -> 0.031 | O17: =H17*N17 -> 0.062 | P17: =J17*O17 -> 106.454 | Q17: =I17-O17 -> 0.056 | R17: =K17-P17 -> 96.152 | S17: =0.1799*R17 -> 17.297745 | T17: =IFERROR(VLOOKUP($L17,'Existing Lighting Schedule'!$G$3:$S$174,13,0),"") -> 179.75 | U17: =H17*T17 -> 359.5
A18: Ese | B18: B | C18: Interior | D18: Linear Fluorescent 2x4 | E18: F32T8/3-s | F18: Surface | G18: =IFERROR(VLOOKUP($E18,'Existing Lighting Schedule'!$A$3:$K$174,6,0),"") -> 0.089 | H18: 4 | I18: =G18*H18 -> 0.356 | J18: 1717 | K18: =I18*J18 -> 611.252 | L18: =IFERROR(VLOOKUP($E18,'Existing Lighting Schedule'!$A$3:$K$174,7,0),"") -> LED32 | M18: =IFERROR(VLOOKUP($E18,'Existing Lighting Schedule'!$A$3:$K$174,10,0),"") -> LED Surface 2'x4' (e.g. Lithonia 2TLX4-40L-A12-LP850) | N18: =IFERROR(VLOOKUP($E18,'Existing Lighting Schedule'!$A$3:$K$174,11,0),"") -> 0.032 | O18: =H18*N18 -> 0.128 | P18: =J18*O18 -> 219.776 | Q18: =I18-O18 -> 0.228 | R18: =K18-P18 -> 391.476 | S18: =0.1799*R18 -> 70.426532 | T18: =IFERROR(VLOOKUP($L18,'Existing Lighting Schedule'!$G$3:$S$174,13,0),"") -> 341.525 | U18: =H18*T18 -> 1366.1
A19: Ese | B19: B | C19: Interior | D19: Linear Fluorescent 1x4 | E19: F32T8/2-s | F19: Surface | G19: =IFERROR(VLOOKUP($E19,'Existing Lighting Schedule'!$A$3:$K$174,6,0),"") -> 0.059 | H19: 3 | I19: =G19*H19 -> 0.177 | J19: 1717 | K19: =I19*J19 -> 303.909 | L19: =IFERROR(VLOOKUP($E19,'Existing Lighting Schedule'!$A$3:$K$174,7,0),"") -> LED34 | M19: =IFERROR(VLOOKUP($E19,'Existing Lighting Schedule'!$A$3:$K$174,10,0),"") -> LED Surface 1'x4' (e.g. Deco DSW-LED-4-35-40) | N19: =IFERROR(VLOOKUP($E19,'Existing Lighting Schedule'!$A$3:$K$174,11,0),"") -> 0.034 | O19: =H19*N19 -> 0.102 | P19: =J19*O19 -> 175.134 | Q19: =I19-O19 -> 0.075 | R19: =K19-P19 -> 128.775 | S19: =0.1799*R19 -> 23.166622 | T19: =IFERROR(VLOOKUP($L19,'Existing Lighting Schedule'!$G$3:$S$174,13,0),"") -> 377.475 | U19: =H19*T19 -> 1132.425
... A32: Ese | B32: D | C32: Interior | D32: Compact Fluorescent 8" | E32: CFQ17/2 | F32: Recessed | G32: =IFERROR(VLOOKUP($E32,'Existing Lighting Schedule'!$A$3:$K$174,6,0),"") -> 0.048 | H32: 7 | I32: =G32*H32 -> 0.336 | J32: 1717 | K32: =I32*J32 -> 576.912 | L32: =IFERROR(VLOOKUP($E32,'Existing Lighting Schedule'!$A$3:$K$174,7,0),"") -> LED8.5 | M32: =IFERROR(VLOOKUP($E32,'Existing Lighting Schedule'!$A$3:$K$174,10,0),"") -> LED A19 Lamp (e.g. Philips EnduraLED) | N32: =IFERROR(VLOOKUP($E32,'Existing Lighting Schedule'!$A$3:$K$174,11,0),"") -> 0.0085 | O32: =H32*N32 -> 0.0595 | P32: =J32*O32 -> 102.1615 | Q32: =I32-O32 -> 0.2765 | R32: =K32-P32 -> 474.7505 | S32: =0.1799*R32 -> 85.407615 | T32: =IFERROR(VLOOKUP($L32,'Existing Lighting Schedule'!$G$3:$S$174,13,0),"") -> 17.975 | U32: =H32*T32 -> 125.825
A33: Ese | B33: D | C33: Exterior | D33: High Pressure Sodium | E33: HPS70/1 | F33: Wall Pack | G33: =IFERROR(VLOOKUP($E33,'Existing Lighting Schedule'!$A$3:$K$174,6,0),"") -> 0.095 | H33: 23 | I33: =G33*H33 -> 2.185 | J33: 4100 | K33: =I33*J33 -> 8958.5 | L33: =IFERROR(VLOOKUP($E33,'Existing Lighting Schedule'!$A$3:$K$174,7,0),"") -> LED35/1 | M33: =IFERROR(VLOOKUP($E33,'Existing Lighting Schedule'!$A$3:$K$174,10,0),"") -> LED Wall Pack Fixture (e.g. Lithonia DSXW1-20C-530-40K) | N33: =IFERROR(VLOOKUP($E33,'Existing Lighting Schedule'!$A$3:$K$174,11,0),"") -> 0.035 | O33: =H33*N33 -> 0.805 | P33: =J33*O33 -> 3300.5 | Q33: 0 | R33: =K33-P33 -> 5658 | S33: =0.1799*R33 -> 1017.8742 | T33: =IFERROR(VLOOKUP($L33,'Existing Lighting Schedule'!$G$3:$S$174,9,0),"") -> 600 | U33: =H33*T33 -> 13800
A34: Ese | B34: D | C34: Interior | D34: Linear Fluorescent 1x4 | E34: F32T8/2-s | F34: Surface | G34: =IFERROR(VLOOKUP($E34,'Existing Lighting Schedule'!$A$3:$K$174,6,0),"") -> 0.059 | H34: 1 | I34: =G34*H34 -> 0.059 | J34: 1717 | K34: =I34*J34 -> 101.303 | L34: =IFERROR(VLOOKUP($E34,'Existing Lighting Schedule'!$A$3:$K$174,7,0),"") -> LED34 | M34: =IFERROR(VLOOKUP($E34,'Existing Lighting Schedule'!$A$3:$K$174,10,0),"") -> LED Surface 1'x4' (e.g. Deco DSW-LED-4-35-40) | N34: =IFERROR(VLOOKUP($E34,'Existing Lighting Schedule'!$A$3:$K$174,11,0),"") -> 0.034 | O34: =H34*N34 -> 0.034 | P34: =J34*O34 -> 58.378 | Q34: =I34-O34 -> 0.025 | R34: =K34-P34 -> 42.925 | S34: =0.1799*R34 -> 7.7222075 | T34: =IFERROR(VLOOKUP($L34,'Existing Lighting Schedule'!$G$3:$S$174,13,0),"") -> 377.475 | U34: =H34*T34 -> 377.475
A35: Ese | B35: D | C35: Exterior | D35: High Pressure Sodium | E35: HPS150/1 | F35: Wall Pack | G35: =IFERROR(VLOOKUP($E35,'Existing Lighting Schedule'!$A$3:$K$174,6,0),"") -> 0.188 | H35: 15 | I35: =G35*H35 -> 2.82 | J35: 4100 | K35: =I35*J35 -> 11562 | L35: =IFERROR(VLOOKUP($E35,'Existing Lighting Schedule'!$A$3:$K$174,7,0),"") -> LED54/1-WP | M35: =IFERROR(VLOOKUP($E35,'Existing Lighting Schedule'!$A$3:$K$174,10,0),"") -> LED Wall Pack Fixture (e.g. Lithonia DSXW2-30C-530-40K-T3M) | N35: =IFERROR(VLOOKUP($E35,'Existing Lighting Schedule'!$A$3:$K$174,11,0),"") -> 0.054 | O35: =H35*N35 -> 0.81 | P35: =J35*O35 -> 3321 | Q35: 0 | R35: =K35-P35 -> 8241 | S35: =0.1799*R35 -> 1482.5559 | T35: =IFERROR(VLOOKUP($L35,'Existing Lighting Schedule'!$G$3:$S$174,9,0),"") -> 350 | U35: =H35*T35 -> 5250
A36: Ese | B36: D | C36: Exterior | D36: High Pressure Sodium | E36: HPS250/1 | F36: Wall Pack | G36: =IFERROR(VLOOKUP($E36,'Existing Lighting Schedule'!$A$3:$K$174,6,0),"") -> 0.295 | H36: 12 | I36: =G36*H36 -> 3.54 | J36: 4100 | K36: =I36*J36 -> 14514 | L36: =IFERROR(VLOOKUP($E36,'Existing Lighting Schedule'!$A$3:$K$174,7,0),"") -> LED54/1-WP | M36: =IFERROR(VLOOKUP($E36,'Existing Lighting Schedule'!$A$3:$K$174,10,0),"") -> LED Wall Pack Fixture (e.g. Lithonia DSXW2-30C-530-40K-T3M) | N36: =IFERROR(VLOOKUP($E36,'Existing Lighting Schedule'!$A$3:$K$174,11,0),"") -> 0.054 | O36: =H36*N36 -> 0.648 | P36: =J36*O36 -> 2656.8 | Q36: 0 | R36: =K36-P36 -> 11857.2 | S36: =0.1799*R36 -> 2133.1103 | T36: =IFERROR(VLOOKUP($L36,'Existing Lighting Schedule'!$G$3:$S$174,9,0),"") -> 350 | U36: =H36*T36 -> 4200
A37: Ese | B37: E | C37: Interior | D37: Linear Fluorescent 2x4 | E37: F32T8/3 | F37: Recessed | G37: =IFERROR(VLOOKUP($E37,'Existing Lighting Schedule'!$A$3:$K$174,6,0),"") -> 0.089 | H37: 8 | I37: =G37*H37 -> 0.712 | J37: 1717 | K37: =I37*J37 -> 1222.504 | L37: =IFERROR(VLOOKUP($E37,'Existing Lighting Schedule'!$A$3:$K$174,7,0),"") -> LED39 | M37: =IFERROR(VLOOKUP($E37,'Existing Lighting Schedule'!$A$3:$K$174,10,0),"") -> LED Volumetric Kit 2'x4' (e.g. Lithonia 2VTL4-48L-LP840) | N37: =IFERROR(VLOOKUP($E37,'Existing Lighting Schedule'!$A$3:$K$174,11,0),"") -> 0.039 | O37: =H37*N37 -> 0.312 | P37: =J37*O37 -> 535.704 | Q37: =I37-O37 -> 0.4 | R37: =K37-P37 -> 686.8 | S37: =0.1799*R37 -> 123.55532 | T37: =IFERROR(VLOOKUP($L37,'Existing Lighting Schedule'!$G$3:$S$174,13,0),"") -> 287.6 | U37: =H37*T37 -> 2300.8
A38: Ese | B38: E | C38: Interior | D38: Linear Fluorescent 2x4 | E38: F32T8/2 | F38: Recessed | G38: =IFERROR(VLOOKUP($E38,'Existing Lighting Schedule'!$A$3:$K$174,6,0),"") -> 0.059 | H38: 96 | I38: =G38*H38 -> 5.664 | J38: 1717 | K38: =I38*J38 -> 9725.088 | L38: =IFERROR(VLOOKUP($E38,'Existing Lighting Schedule'!$A$3:$K$174,7,0),"") -> LED26 | M38: =IFERROR(VLOOKUP($E38,'Existing Lighting Schedule'!$A$3:$K$174,10,0),"") -> LED Troffer 2'x4' (e.g. Lithonia 2VTL4-30L-LP840) | N38: =IFERROR(VLOOKUP($E38,'Existing Lighting Schedule'!$A$3:$K$174,11,0),"") -> 0.026 | O38: =H38*N38 -> 2.496 | P38: =J38*O38 -> 4285.632 | Q38: =I38-O38 -> 3.168 | R38: =K38-P38 -> 5439.456 | S38: =0.1799*R38 -> 978.55813 | T38: =IFERROR(VLOOKUP($L38,'Existing Lighting Schedule'!$G$3:$S$174,13,0),"") -> 287.6 | U38: =H38*T38 -> 27609.6
A39: Ese | B39: E | C39: Interior | D39: Linear Fluorescent 2x2 U-tube | E39: FU31T8/2 | F39: Recessed | G39: =IFERROR(VLOOKUP($E39,'Existing Lighting Schedule'!$A$3:$K$174,6,0),"") -> 0.059 | H39: 4 | I39: =G39*H39 -> 0.236 | J39: 1717 | K39: =I39*J39 -> 405.212 | L39: =IFERROR(VLOOKUP($E39,'Existing Lighting Schedule'!$A$3:$K$174,7,0),"") -> LED31 | M39: =IFERROR(VLOOKUP($E39,'Existing Lighting Schedule'!$A$3:$K$174,10,0),"") -> LED Volumetric Kit 2'x2' (e.g. Lithonia 2VTL2-33L-ADP-LP840) | N39: =IFERROR(VLOOKUP($E39,'Existing Lighting Schedule'!$A$3:$K$174,11,0),"") -> 0.031 | O39: =H39*N39 -> 0.124 | P39: =J39*O39 -> 212.908 | Q39: =I39-O39 -> 0.112 | R39: =K39-P39 -> 192.304 | S39: =0.1799*R39 -> 34.59549 | T39: =IFERROR(VLOOKUP($L39,'Existing Lighting Schedule'!$G$3:$S$174,13,0),"") -> 179.75 | U39: =H39*T39 -> 719
A40: Ese | B40: E | C40: Interior | D40: Linear Fluorescent 2x4 | E40: F32T8/2-s2 | F40: Surface | G40: =IFERROR(VLOOKUP($E40,'Existing Lighting Schedule'!$A$3:$K$174,6,0),"") -> 0.059 | H40: 2 | I40: =G40*H40 -> 0.118 | J40: 1717 | K40: =I40*J40 -> 202.606 | L40: =IFERROR(VLOOKUP($E40,'Existing Lighting Schedule'!$A$3:$K$174,7,0),"") -> LED32 | M40: =IFERROR(VLOOKUP($E40,'Existing Lighting Schedule'!$A$3:$K$174,10,0),"") -> LED Surface 2'x4' (e.g. Lithonia 2TLX4-40L-A12-LP850) | N40: =IFERROR(VLOOKUP($E40,'Existing Lighting Schedule'!$A$3:$K$174,11,0),"") -> 0.032 | O40: =H40*N40 -> 0.064 | P40: =J40*O40 -> 109.888 | Q40: =I40-O40 -> 0.054 | R40: =K40-P40 -> 92.718 | S40: =0.1799*R40 -> 16.679968 | T40: =IFERROR(VLOOKUP($L40,'Existing Lighting Schedule'!$G$3:$S$174,13,0),"") -> 341.525 | U40: =H40*T40 -> 683.05
A41: Ese | B41: E | C41: Interior | D41: Linear Fluorescent 1x4 | E41: F32T8/2-s | F41: Surface | G41: =IFERROR(VLOOKUP($E41,'Existing Lighting Schedule'!$A$3:$K$174,6,0),"") -> 0.059 | H41: 104 | I41: =G41*H41 -> 6.136 | J41: 1717 | K41: =I41*J41 -> 10535.512 | L41: =IFERROR(VLOOKUP($E41,'Existing Lighting Schedule'!$A$3:$K$174,7,0),"") -> LED34 | M41: =IFERROR(VLOOKUP($E41,'Existing Lighting Schedule'!$A$3:$K$174,10,0),"") -> LED Surface 1'x4' (e.g. Deco DSW-LED-4-35-40) | N41: =IFERROR(VLOOKUP($E41,'Existing Lighting Schedule'!$A$3:$K$174,11,0),"") -> 0.034 | O41: =H41*N41 -> 3.536 | P41: =J41*O41 -> 6071.312 | Q41: =I41-O41 -> 2.6 | R41: =K41-P41 -> 4464.2 | S41: =0.1799*R41 -> 803.10958 | T41: =IFERROR(VLOOKUP($L41,'Existing Lighting Schedule'!$G$3:$S$174,13,0),"") -> 377.475 | U41: =H41*T41 -> 39257.4
A42: Ese | B42: E | C42: Interior | D42: Linear Fluorescent 1x4 | E42: F32T8/1-s | F42: Surface | G42: =IFERROR(VLOOKUP($E42,'Existing Lighting Schedule'!$A$3:$K$174,6,0),"") -> 0.031 | H42: 2 | I42: =G42*H42 -> 0.062 | J42: 1717 | K42: =I42*J42 -> 106.454 | L42: =IFERROR(VLOOKUP($E42,'Existing Lighting Schedule'!$A$3:$K$174,7,0),"") -> LED23 | M42: =IFERROR(VLOOKUP($E42,'Existing Lighting Schedule'!$A$3:$K$174,10,0),"") -> LED Surface 4' (e.g. Deco DACH-LED-4-23-40 | N42: =IFERROR(VLOOKUP($E42,'Existing Lighting Schedule'!$A$3:$K$174,11,0),"") -> 0.023 | O42: =H42*N42 -> 0.046 | P42: =J42*O42 -> 78.982 | Q42: =I42-O42 -> 0.016 | R42: =K42-P42 -> 27.472 | S42: =0.1799*R42 -> 4.9422128 | T42: =IFERROR(VLOOKUP($L42,'Existing Lighting Schedule'!$G$3:$S$174,13,0),"") -> 251.65 | U42: =H42*T42 -> 503.3
A43: Ese | B43: E | C43: Interior | D43: Compact Fluorescent 8" | E43: CFQ17/2 | F43: Recessed | G43: =IFERROR(VLOOKUP($E43,'Existing Lighting Schedule'!$A$3:$K$174,6,0),"") -> 0.048 | H43: 1 | I43: =G43*H43 -> 0.048 | J43: 1717 | K43: =I43*J43 -> 82.416 | L43: =IFERROR(VLOOKUP($E43,'Existing Lighting Schedule'!$A$3:$K$174,7,0),"") -> LED8.5 | M43: =IFERROR(VLOOKUP($E43,'Existing Lighting Schedule'!$A$3:$K$174,10,0),"") -> LED A19 Lamp (e.g. Philips EnduraLED) | N43: =IFERROR(VLOOKUP($E43,'Existing Lighting Schedule'!$A$3:$K$174,11,0),"") -> 0.0085 | O43: =H43*N43 -> 0.0085 | P43: =J43*O43 -> 14.5945 | Q43: =I43-O43 -> 0.0395 | R43: =K43-P43 -> 67.8215 | S43: =0.1799*R43 -> 12.201088 | T43: =IFERROR(VLOOKUP($L43,'Existing Lighting Schedule'!$G$3:$S$174,13,0),"") -> 17.975 | U43: =H43*T43 -> 17.975
A44: Ese | B44: E | C44: Interior | D44: PAR 8" | E44: I36 | F44: Recessed | G44: =IFERROR(VLOOKUP($E44,'Existing Lighting Schedule'!$A$3:$K$174,6,0),"") -> 0.036 | H44: 1 | I44: =G44*H44 -> 0.036 | J44: 1717 | K44: =I44*J44 -> 61.812 | L44: =IFERROR(VLOOKUP($E44,'Existing Lighting Schedule'!$A$3:$K$174,7,0),"") -> LED8.5 | M44: =IFERROR(VLOOKUP($E44,'Existing Lighting Schedule'!$A$3:$K$174,10,0),"") -> LED A19 Lamp (e.g. Philips EnduraLED) | N44: =IFERROR(VLOOKUP($E44,'Existing Lighting Schedule'!$A$3:$K$174,11,0),"") -> 0.0085 | O44: =H44*N44 -> 0.0085 | P44: =J44*O44 -> 14.5945 | Q44: =I44-O44 -> 0.0275 | R44: =K44-P44 -> 47.2175 | S44: =0.1799*R44 -> 8.4944282 | T44: =IFERROR(VLOOKUP($L44,'Existing Lighting Schedule'!$G$3:$S$174,13,0),"") -> 17.975 | U44: =H44*T44 -> 17.975
A45: Ese | B45: E | C45: Exterior | D45: High Pressure Sodium | E45: HPS70/1 | F45: Wall Pack | G45: =IFERROR(VLOOKUP($E45,'Existing Lighting Schedule'!$A$3:$K$174,6,0),"") -> 0.095 | H45: 8 | I45: =G45*H45 -> 0.76 | J45: 4100 | K45: =I45*J45 -> 3116 | L45: =IFERROR(VLOOKUP($E45,'Existing Lighting Schedule'!$A$3:$K$174,7,0),"") -> LED35/1 | M45: =IFERROR(VLOOKUP($E45,'Existing Lighting Schedule'!$A$3:$K$174,10,0),"") -> LED Wall Pack Fixture (e.g. Lithonia DSXW1-20C-530-40K) | N45: =IFERROR(VLOOKUP($E45,'Existing Lighting Schedule'!$A$3:$K$174,11,0),"") -> 0.035 | O45: =H45*N45 -> 0.28 | P45: =J45*O45 -> 1148 | Q45: 0 | R45: =K45-P45 -> 1968 | S45: =0.1799*R45 -> 354.0432 | T45: =IFERROR(VLOOKUP($L45,'Existing Lighting Schedule'!$G$3:$S$174,9,0),"") -> 600 | U45: =H45*T45 -> 4800
A46: Ese | B46: F | C46: Interior | D46: Linear Fluorescent 2x4 | E46: F32T8/3 | F46: Recessed | G46: =IFERROR(VLOOKUP($E46,'Existing Lighting Schedule'!$A$3:$K$174,6,0),"") -> 0.089 | H46: 90 | I46: =G46*H46 -> 8.01 | J46: 1717 | K46: =I46*J46 -> 13753.17 | L46: =IFERROR(VLOOKUP($E46,'Existing Lighting Schedule'!$A$3:$K$174,7,0),"") -> LED39 | M46: =IFERROR(VLOOKUP($E46,'Existing Lighting Schedule'!$A$3:$K$174,10,0),"") -> LED Volumetric Kit 2'x4' (e.g. Lithonia 2VTL4-48L-LP840) | N46: =IFERROR(VLOOKUP($E46,'Existing Lighting Schedule'!$A$3:$K$174,11,0),"") -> 0.039 | O46: =H46*N46 -> 3.51 | P46: =J46*O46 -> 6026.67 | Q46: =I46-O46 -> 4.5 | R46: =K46-P46 -> 7726.5 | S46: =0.1799*R46 -> 1389.9974 | T46: =IFERROR(VLOOKUP($L46,'Existing Lighting Schedule'!$G$3:$S$174,13,0),"") -> 287.6 | U46: =H46*T46 -> 25884
A47: Ese | B47: G | C47: Interior | D47: Linear Fluorescent 2x4 | E47: F32T8/3 | F47: Recessed | G47: =IFERROR(VLOOKUP($E47,'Existing Lighting Schedule'!$A$3:$K$174,6,0),"") -> 0.089 | H47: 90 | I47: =G47*H47 -> 8.01 | J47: 1717 | K47: =I47*J47 -> 13753.17 | L47: =IFERROR(VLOOKUP($E47,'Existing Lighting Schedule'!$A$3:$K$174,7,0),"") -> LED39 | M47: =IFERROR(VLOOKUP($E47,'Existing Lighting Schedule'!$A$3:$K$174,10,0),"") -> LED Volumetric Kit 2'x4' (e.g. Lithonia 2VTL4-48L-LP840) | N47: =IFERROR(VLOOKUP($E47,'Existing Lighting Schedule'!$A$3:$K$174,11,0),"") -> 0.039 | O47: =H47*N47 -> 3.51 | P47: =J47*O47 -> 6026.67 | Q47: =I47-O47 -> 4.5 | R47: =K47-P47 -> 7726.5 | S47: =0.1799*R47 -> 1389.9974 | T47: =IFERROR(VLOOKUP($L47,'Existing Lighting Schedule'!$G$3:$S$174,13,0),"") -> 287.6 | U47: =H47*T47 -> 25884
A48: Ese | B48: H | C48: Interior | D48: Linear Fluorescent 2x4 | E48: F32T8/3 | F48: Recessed | G48: =IFERROR(VLOOKUP($E48,'Existing Lighting Schedule'!$A$3:$K$174,6,0),"") -> 0.089 | H48: 90 | I48: =G48*H48 -> 8.01 | J48: 1717 | K48: =I48*J48 -> 13753.17 | L48: =IFERROR(VLOOKUP($E48,'Existing Lighting Schedule'!$A$3:$K$174,7,0),"") -> LED39 | M48: =IFERROR(VLOOKUP($E48,'Existing Lighting Schedule'!$A$3:$K$174,10,0),"") -> LED Volumetric Kit 2'x4' (e.g. Lithonia 2VTL4-48L-LP840) | N48: =IFERROR(VLOOKUP($E48,'Existing Lighting Schedule'!$A$3:$K$174,11,0),"") -> 0.039 | O48: =H48*N48 -> 3.51 | P48: =J48*O48 -> 6026.67 | Q48: =I48-O48 -> 4.5 | R48: =K48-P48 -> 7726.5 | S48: =0.1799*R48 -> 1389.9974 | T48: =IFERROR(VLOOKUP($L48,'Existing Lighting Schedule'!$G$3:$S$174,13,0),"") -> 287.6 | U48: =H48*T48 -> 25884
A49: Ese | B49: I1 | C49: Exterior | D49: High Pressure Sodium | E49: HPS70/1 | F49: Wall Pack | G49: =IFERROR(VLOOKUP($E49,'Existing Lighting Schedule'!$A$3:$K$174,6,0),"") -> 0.095 | H49: 12 | I49: =G49*H49 -> 1.14 | J49: 4100 | K49: =I49*J49 -> 4674 | L49: =IFERROR(VLOOKUP($E49,'Existing Lighting Schedule'!$A$3:$K$174,7,0),"") -> LED35/1 | M49: =IFERROR(VLOOKUP($E49,'Existing Lighting Schedule'!$A$3:$K$174,10,0),"") -> LED Wall Pack Fixture (e.g. Lithonia DSXW1-20C-530-40K) | N49: =IFERROR(VLOOKUP($E49,'Existing Lighting Schedule'!$A$3:$K$174,11,0),"") -> 0.035 | O49: =H49*N49 -> 0.42 | P49: =J49*O49 -> 1722 | Q49: 0 | R49: =K49-P49 -> 2952 | S49: =0.1799*R49 -> 531.0648 | T49: =IFERROR(VLOOKUP($L49,'Existing Lighting Schedule'!$G$3:$S$174,9,0),"") -> 600 | U49: =H49*T49 -> 7200
A50: Ese | B50: I2 | C50: Exterior | D50: High Pressure Sodium | E50: HPS70/1 | F50: Wall Pack | G50: =IFERROR(VLOOKUP($E50,'Existing Lighting Schedule'!$A$3:$K$174,6,0),"") -> 0.095 | H50: 12 | I50: =G50*H50 -> 1.14 | J50: 4100 | K50: =I50*J50 -> 4674 | L50: =IFERROR(VLOOKUP($E50,'Existing Lighting Schedule'!$A$3:$K$174,7,0),"") -> LED35/1 | M50: =IFERROR(VLOOKUP($E50,'Existing Lighting Schedule'!$A$3:$K$174,10,0),"") -> LED Wall Pack Fixture (e.g. Lithonia DSXW1-20C-530-40K) | N50: =IFERROR(VLOOKUP($E50,'Existing Lighting Schedule'!$A$3:$K$174,11,0),"") -> 0.035 | O50: =H50*N50 -> 0.42 | P50: =J50*O50 -> 1722 | Q50: 0 | R50: =K50-P50 -> 2952 | S50: =0.1799*R50 -> 531.0648 | T50: =IFERROR(VLOOKUP($L50,'Existing Lighting Schedule'!$G$3:$S$174,9,0),"") -> 600 | U50: =H50*T50 -> 7200
A51: Ese | B51: J | C51: Interior | D51: Linear Fluorescent 2x4 | E51: F32T8/3 | F51: Recessed | G51: =IFERROR(VLOOKUP($E51,'Existing Lighting Schedule'!$A$3:$K$174,6,0),"") -> 0.089 | H51: 90 | I51: =G51*H51 -> 8.01 | J51: 1717 | K51: =I51*J51 -> 13753.17 | L51: =IFERROR(VLOOKUP($E51,'Existing Lighting Schedule'!$A$3:$K$174,7,0),"") -> LED39 | M51: =IFERROR(VLOOKUP($E51,'Existing Lighting Schedule'!$A$3:$K$174,10,0),"") -> LED Volumetric Kit 2'x4' (e.g. Lithonia 2VTL4-48L-LP840) | N51: =IFERROR(VLOOKUP($E51,'Existing Lighting Schedule'!$A$3:$K$174,11,0),"") -> 0.039 | O51: =H51*N51 -> 3.51 | P51: =J51*O51 -> 6026.67 | Q51: =I51-O51 -> 4.5 | R51: =K51-P51 -> 7726.5 | S51: =0.1799*R51 -> 1389.9974 | T51: =IFERROR(VLOOKUP($L51,'Existing Lighting Schedule'!$G$3:$S$174,13,0),"") -> 287.6 | U51: =H51*T51 -> 25884
A52: Ese | B52: J | C52: Interior | D52: Linear Fluorescent 2x4 | E52: F32T8/2 | F52: Recessed | G52: =IFERROR(VLOOKUP($E52,'Existing Lighting Schedule'!$A$3:$K$174,6,0),"") -> 0.059 | H52: 33 | I52: =G52*H52 -> 1.947 | J52: 1717 | K52: =I52*J52 -> 3342.999 | L52: =IFERROR(VLOOKUP($E52,'Existing Lighting Schedule'!$A$3:$K$174,7,0),"") -> LED26 | M52: =IFERROR(VLOOKUP($E52,'Existing Lighting Schedule'!$A$3:$K$174,10,0),"") -> LED Troffer 2'x4' (e.g. Lithonia 2VTL4-30L-LP840) | N52: =IFERROR(VLOOKUP($E52,'Existing Lighting Schedule'!$A$3:$K$174,11,0),"") -> 0.026 | O52: =H52*N52 -> 0.858 | P52: =J52*O52 -> 1473.186 | Q52: =I52-O52 -> 1.089 | R52: =K52-P52 -> 1869.813 | S52: =0.1799*R52 -> 336.37936 | T52: =IFERROR(VLOOKUP($L52,'Existing Lighting Schedule'!$G$3:$S$174,13,0),"") -> 287.6 | U52: =H52*T52 -> 9490.8
A53: Ese | B53: J | C53: Interior | D53: Linear Fluorescent 2x4 | E53: F32T8/4-s | F53: Surface | G53: =IFERROR(VLOOKUP($E53,'Existing Lighting Schedule'!$A$3:$K$174,6,0),"") -> 0.112 | H53: 9 | I53: =G53*H53 -> 1.008 | J53: 1717 | K53: =I53*J53 -> 1730.736 | L53: =IFERROR(VLOOKUP($E53,'Existing Lighting Schedule'!$A$3:$K$174,7,0),"") -> LED32 | M53: =IFERROR(VLOOKUP($E53,'Existing Lighting Schedule'!$A$3:$K$174,10,0),"") -> LED Surface 2'x4' (e.g. Lithonia 2TLX4-40L-A12-LP850) | N53: =IFERROR(VLOOKUP($E53,'Existing Lighting Schedule'!$A$3:$K$174,11,0),"") -> 0.032 | O53: =H53*N53 -> 0.288 | P53: =J53*O53 -> 494.496 | Q53: =I53-O53 -> 0.72 | R53: =K53-P53 -> 1236.24 | S53: =0.1799*R53 -> 222.39958 | T53: =IFERROR(VLOOKUP($L53,'Existing Lighting Schedule'!$G$3:$S$174,13,0),"") -> 341.525 | U53: =H53*T53 -> 3073.725
A54: Ese | B54: J | C54: Interior | D54: Linear Fluorescent 2x4 | E54: F32T8/3-s | F54: Surface | G54: =IFERROR(VLOOKUP($E54,'Existing Lighting Schedule'!$A$3:$K$174,6,0),"") -> 0.089 | H54: 6 | I54: =G54*H54 -> 0.534 | J54: 1717 | K54: =I54*J54 -> 916.878 | L54: =IFERROR(VLOOKUP($E54,'Existing Lighting Schedule'!$A$3:$K$174,7,0),"") -> LED32 | M54: =IFERROR(VLOOKUP($E54,'Existing Lighting Schedule'!$A$3:$K$174,10,0),"") -> LED Surface 2'x4' (e.g. Lithonia 2TLX4-40L-A12-LP850) | N54: =IFERROR(VLOOKUP($E54,'Existing Lighting Schedule'!$A$3:$K$174,11,0),"") -> 0.032 | O54: =H54*N54 -> 0.192 | P54: =J54*O54 -> 329.664 | Q54: =I54-O54 -> 0.342 | R54: =K54-P54 -> 587.214 | S54: =0.1799*R54 -> 105.6398 | T54: =IFERROR(VLOOKUP($L54,'Existing Lighting Schedule'!$G$3:$S$174,13,0),"") -> 341.525 | U54: =H54*T54 -> 2049.15
A55: Ese | B55: J | C55: Interior | D55: Linear Fluorescent 1x4 | E55: F32T8/2-s | F55: Surface | G55: =IFERROR(VLOOKUP($E55,'Existing Lighting Schedule'!$A$3:$K$174,6,0),"") -> 0.059 | H55: 126 | I55: =G55*H55 -> 7.434 | J55: 1717 | K55: =I55*J55 -> 12764.178 | L55: =IFERROR(VLOOKUP($E55,'Existing Lighting Schedule'!$A$3:$K$174,7,0),"") -> LED34 | M55: =IFERROR(VLOOKUP($E55,'Existing Lighting Schedule'!$A$3:$K$174,10,0),"") -> LED Surface 1'x4' (e.g. Deco DSW-LED-4-35-40) | N55: =IFERROR(VLOOKUP($E55,'Existing Lighting Schedule'!$A$3:$K$174,11,0),"") -> 0.034 | O55: =H55*N55 -> 4.284 | P55: =J55*O55 -> 7355.628 | Q55: =I55-O55 -> 3.15 | R55: =K55-P55 -> 5408.55 | S55: =0.1799*R55 -> 972.99814 | T55: =IFERROR(VLOOKUP($L55,'Existing Lighting Schedule'!$G$3:$S$174,13,0),"") -> 377.475 | U55: =H55*T55 -> 47561.85
A56: Ese | B56: J | C56: Interior | D56: Linear Fluorescent 1x4 | E56: F32T8/1-s | F56: Surface | G56: =IFERROR(VLOOKUP($E56,'Existing Lighting Schedule'!$A$3:$K$174,6,0),"") -> 0.031 | H56: 137 | I56: =G56*H56 -> 4.247 | J56: 1717 | K56: =I56*J56 -> 7292.099 | L56: =IFERROR(VLOOKUP($E56,'Existing Lighting Schedule'!$A$3:$K$174,7,0),"") -> LED23 | M56: =IFERROR(VLOOKUP($E56,'Existing Lighting Schedule'!$A$3:$K$174,10,0),"") -> LED Surface 4' (e.g. Deco DACH-LED-4-23-40 | N56: =IFERROR(VLOOKUP($E56,'Existing Lighting Schedule'!$A$3:$K$174,11,0),"") -> 0.023 | O56: =H56*N56 -> 3.151 | P56: =J56*O56 -> 5410.267 | Q56: =I56-O56 -> 1.096 | R56: =K56-P56 -> 1881.832 | S56: =0.1799*R56 -> 338.54158 | T56: =IFERROR(VLOOKUP($L56,'Existing Lighting Schedule'!$G$3:$S$174,13,0),"") -> 251.65 | U56: =H56*T56 -> 34476.05
A57: Ese | B57: J | C57: Exterior | D57: High Pressure Sodium | E57: HPS70/1 | F57: Wall Pack | G57: =IFERROR(VLOOKUP($E57,'Existing Lighting Schedule'!$A$3:$K$174,6,0),"") -> 0.095 | H57: 3 | I57: =G57*H57 -> 0.285 | J57: 4100 | K57: =I57*J57 -> 1168.5 | L57: =IFERROR(VLOOKUP($E57,'Existing Lighting Schedule'!$A$3:$K$174,7,0),"") -> LED35/1 | M57: =IFERROR(VLOOKUP($E57,'Existing Lighting Schedule'!$A$3:$K$174,10,0),"") -> LED Wall Pack Fixture (e.g. Lithonia DSXW1-20C-530-40K) | N57: =IFERROR(VLOOKUP($E57,'Existing Lighting Schedule'!$A$3:$K$174,11,0),"") -> 0.035 | O57: =H57*N57 -> 0.105 | P57: =J57*O57 -> 430.5 | Q57: 0 | R57: =K57-P57 -> 738 | S57: =0.1799*R57 -> 132.7662 | T57: =IFERROR(VLOOKUP($L57,'Existing Lighting Schedule'!$G$3:$S$174,9,0),"") -> 600 | U57: =H57*T57 -> 1800
A58: Ese | B58: J | C58: Interior | D58: Metal Halide High Bay | E58: MH400/1-p | F58: Pendant | G58: =IFERROR(VLOOKUP($E58,'Existing Lighting Schedule'!$A$3:$K$174,6,0),"") -> 0.458 | H58: 40 | I58: =G58*H58 -> 18.32 | J58: 1717 | K58: =I58*J58 -> 31455.44 | L58: =IFERROR(VLOOKUP($E58,'Existing Lighting Schedule'!$A$3:$K$174,7,0),"") -> LED140/1 | M58: =IFERROR(VLOOKUP($E58,'Existing Lighting Schedule'!$A$3:$K$174,10,0),"") -> LED High Bay Pendant (e.g. Lithonia JCBL-18000LM-ACCR-40K-70CRI | N58: =IFERROR(VLOOKUP($E58,'Existing Lighting Schedule'!$A$3:$K$174,11,0),"") -> 0.14 | O58: =H58*N58 -> 5.6 | P58: =J58*O58 -> 9615.2 | Q58: =I58-O58 -> 12.72 | R58: =K58-P58 -> 21840.24 | S58: =0.1799*R58 -> 3929.0592 | T58: =IFERROR(VLOOKUP($L58,'Existing Lighting Schedule'!$G$3:$S$174,13,0),"") -> 1078.5 | U58: =H58*T58 -> 43140
A59: Ese | B59: J1 | C59: Interior | D59: Linear Fluorescent 2x2 U-tube | E59: FU31T8/2 | F59: Recessed | G59: =IFERROR(VLOOKUP($E59,'Existing Lighting Schedule'!$A$3:$K$174,6,0),"") -> 0.059 | H59: 3 | I59: =G59*H59 -> 0.177 | J59: 1717 | K59: =I59*J59 -> 303.909 | L59: =IFERROR(VLOOKUP($E59,'Existing Lighting Schedule'!$A$3:$K$174,7,0),"") -> LED31 | M59: =IFERROR(VLOOKUP($E59,'Existing Lighting Schedule'!$A$3:$K$174,10,0),"") -> LED Volumetric Kit 2'x2' (e.g. Lithonia 2VTL2-33L-ADP-LP840) | N59: =IFERROR(VLOOKUP($E59,'Existing Lighting Schedule'!$A$3:$K$174,11,0),"") -> 0.031 | O59: =H59*N59 -> 0.093 | P59: =J59*O59 -> 159.681 | Q59: =I59-O59 -> 0.084 | R59: =K59-P59 -> 144.228 | S59: =0.1799*R59 -> 25.946617 | T59: =IFERROR(VLOOKUP($L59,'Existing Lighting Schedule'!$G$3:$S$174,13,0),"") -> 179.75 | U59: =H59*T59 -> 539.25
A60: Ese | B60: J1 | C60: Interior | D60: Linear Fluorescent 1x4 | E60: F32T8/2-s | F60: Surface | G60: =IFERROR(VLOOKUP($E60,'Existing Lighting Schedule'!$A$3:$K$174,6,0),"") -> 0.059 | H60: 18 | I60: =G60*H60 -> 1.062 | J60: 1717 | K60: =I60*J60 -> 1823.454 | L60: =IFERROR(VLOOKUP($E60,'Existing Lighting Schedule'!$A$3:$K$174,7,0),"") -> LED34 | M60: =IFERROR(VLOOKUP($E60,'Existing Lighting Schedule'!$A$3:$K$174,10,0),"") -> LED Surface 1'x4' (e.g. Deco DSW-LED-4-35-40) | N60: =IFERROR(VLOOKUP($E60,'Existing Lighting Schedule'!$A$3:$K$174,11,0),"") -> 0.034 | O60: =H60*N60 -> 0.612 | P60: =J60*O60 -> 1050.804 | Q60: =I60-O60 -> 0.45 | R60: =K60-P60 -> 772.65 | S60: =0.1799*R60 -> 138.99973 | T60: =IFERROR(VLOOKUP($L60,'Existing Lighting Schedule'!$G$3:$S$174,13,0),"") -> 377.475 | U60: =H60*T60 -> 6794.55
A61: Ese | B61: K | C61: Interior | D61: Linear Fluorescent 2x4 | E61: F32T8/2 | F61: Recessed | G61: =IFERROR(VLOOKUP($E61,'Existing Lighting Schedule'!$A$3:$K$174,6,0),"") -> 0.059 | H61: 72 | I61: =G61*H61 -> 4.248 | J61: 1717 | K61: =I61*J61 -> 7293.816 | L61: =IFERROR(VLOOKUP($E61,'Existing Lighting Schedule'!$A$3:$K$174,7,0),"") -> LED26 | M61: =IFERROR(VLOOKUP($E61,'Existing Lighting Schedule'!$A$3:$K$174,10,0),"") -> LED Troffer 2'x4' (e.g. Lithonia 2VTL4-30L-LP840) | N61: =IFERROR(VLOOKUP($E61,'Existing Lighting Schedule'!$A$3:$K$174,11,0),"") -> 0.026 | O61: =H61*N61 -> 1.872 | P61: =J61*O61 -> 3214.224 | Q61: =I61-O61 -> 2.376 | R61: =K61-P61 -> 4079.592 | S61: =0.1799*R61 -> 733.9186 | T61: =IFERROR(VLOOKUP($L61,'Existing Lighting Schedule'!$G$3:$S$174,13,0),"") -> 287.6 | U61: =H61*T61 -> 20707.2
A62: Ese | B62: L | C62: Interior | D62: Linear Fluorescent 2x4 | E62: F32T8/2 | F62: Recessed | G62: =IFERROR(VLOOKUP($E62,'Existing Lighting Schedule'!$A$3:$K$174,6,0),"") -> 0.059 | H62: 72 | I62: =G62*H62 -> 4.248 | J62: 1717 | K62: =I62*J62 -> 7293.816 | L62: =IFERROR(VLOOKUP($E62,'Existing Lighting Schedule'!$A$3:$K$174,7,0),"") -> LED26 | M62: =IFERROR(VLOOKUP($E62,'Existing Lighting Schedule'!$A$3:$K$174,10,0),"") -> LED Troffer 2'x4' (e.g. Lithonia 2VTL4-30L-LP840) | N62: =IFERROR(VLOOKUP($E62,'Existing Lighting Schedule'!$A$3:$K$174,11,0),"") -> 0.026 | O62: =H62*N62 -> 1.872 | P62: =J62*O62 -> 3214.224 | Q62: =I62-O62 -> 2.376 | R62: =K62-P62 -> 4079.592 | S62: =0.1799*R62 -> 733.9186 | T62: =IFERROR(VLOOKUP($L62,'Existing Lighting Schedule'!$G$3:$S$174,13,0),"") -> 287.6 | U62: =H62*T62 -> 20707.2
A63: Ese | B63: M | C63: Interior | D63: Linear Fluorescent 2x4 | E63: F32T8/2 | F63: Recessed | G63: =IFERROR(VLOOKUP($E63,'Existing Lighting Schedule'!$A$3:$K$174,6,0),"") -> 0.059 | H63: 24 | I63: =G63*H63 -> 1.416 | J63: 1717 | K63: =I63*J63 -> 2431.272 | L63: =IFERROR(VLOOKUP($E63,'Existing Lighting Schedule'!$A$3:$K$174,7,0),"") -> LED26 | M63: =IFERROR(VLOOKUP($E63,'Existing Lighting Schedule'!$A$3:$K$174,10,0),"") -> LED Troffer 2'x4' (e.g. Lithonia 2VTL4-30L-LP840) | N63: =IFERROR(VLOOKUP($E63,'Existing Lighting Schedule'!$A$3:$K$174,11,0),"") -> 0.026 | O63: =H63*N63 -> 0.624 | P63: =J63*O63 -> 1071.408 | Q63: =I63-O63 -> 0.792 | R63: =K63-P63 -> 1359.864 | S63: =0.1799*R63 -> 244.63953 | T63: =IFERROR(VLOOKUP($L63,'Existing Lighting Schedule'!$G$3:$S$174,13,0),"") -> 287.6 | U63: =H63*T63 -> 6902.4
A64: Ese | B64: M | C64: Interior | D64: Linear Fluorescent 1x4 | E64: F32T8/2-s | F64: Surface | G64: =IFERROR(VLOOKUP($E64,'Existing Lighting Schedule'!$A$3:$K$174,6,0),"") -> 0.059 | H64: 24 | I64: =G64*H64 -> 1.416 | J64: 1717 | K64: =I64*J64 -> 2431.272 | L64: =IFERROR(VLOOKUP($E64,'Existing Lighting Schedule'!$A$3:$K$174,7,0),"") -> LED34 | M64: =IFERROR(VLOOKUP($E64,'Existing Lighting Schedule'!$A$3:$K$174,10,0),"") -> LED Surface 1'x4' (e.g. Deco DSW-LED-4-35-40) | N64: =IFERROR(VLOOKUP($E64,'Existing Lighting Schedule'!$A$3:$K$174,11,0),"") -> 0.034 | O64: =H64*N64 -> 0.816 | P64: =J64*O64 -> 1401.072 | Q64: =I64-O64 -> 0.6 | R64: =K64-P64 -> 1030.2 | S64: =0.1799*R64 -> 185.33298 | T64: =IFERROR(VLOOKUP($L64,'Existing Lighting Schedule'!$G$3:$S$174,13,0),"") -> 377.475 | U64: =H64*T64 -> 9059.4
A65: Ese | B65: M | C65: Interior | D65: Linear Fluorescent 1x4 | E65: F32T8/1-s | F65: Surface | G65: =IFERROR(VLOOKUP($E65,'Existing Lighting Schedule'!$A$3:$K$174,6,0),"") -> 0.031 | H65: 14 | I65: =G65*H65 -> 0.434 | J65: 1717 | K65: =I65*J65 -> 745.178 | L65: =IFERROR(VLOOKUP($E65,'Existing Lighting Schedule'!$A$3:$K$174,7,0),"") -> LED23 | M65: =IFERROR(VLOOKUP($E65,'Existing Lighting Schedule'!$A$3:$K$174,10,0),"") -> LED Surface 4' (e.g. Deco DACH-LED-4-23-40 | N65: =IFERROR(VLOOKUP($E65,'Existing Lighting Schedule'!$A$3:$K$174,11,0),"") -> 0.023 | O65: =H65*N65 -> 0.322 | P65: =J65*O65 -> 552.874 | Q65: =I65-O65 -> 0.112 | R65: =K65-P65 -> 192.304 | S65: =0.1799*R65 -> 34.59549 | T65: =IFERROR(VLOOKUP($L65,'Existing Lighting Schedule'!$G$3:$S$174,13,0),"") -> 251.65 | U65: =H65*T65 -> 3523.1
A66: Ese | B66: M | C66: Interior | D66: PAR 8" | E66: I36 | F66: Recessed | G66: =IFERROR(VLOOKUP($E66,'Existing Lighting Schedule'!$A$3:$K$174,6,0),"") -> 0.036 | H66: 10 | I66: =G66*H66 -> 0.36 | J66: 1717 | K66: =I66*J66 -> 618.12 | L66: =IFERROR(VLOOKUP($E66,'Existing Lighting Schedule'!$A$3:$K$174,7,0),"") -> LED8.5 | M66: =IFERROR(VLOOKUP($E66,'Existing Lighting Schedule'!$A$3:$K$174,10,0),"") -> LED A19 Lamp (e.g. Philips EnduraLED) | N66: =IFERROR(VLOOKUP($E66,'Existing Lighting Schedule'!$A$3:$K$174,11,0),"") -> 0.0085 | O66: =H66*N66 -> 0.085 | P66: =J66*O66 -> 145.945 | Q66: =I66-O66 -> 0.275 | R66: =K66-P66 -> 472.175 | S66: =0.1799*R66 -> 84.944282 | T66: =IFERROR(VLOOKUP($L66,'Existing Lighting Schedule'!$G$3:$S$174,13,0),"") -> 17.975 | U66: =H66*T66 -> 179.75
A67: Ese | B67: M | C67: Exterior | D67: High Pressure Sodium | E67: HPS70/1 | F67: Wall Pack | G67: =IFERROR(VLOOKUP($E67,'Existing Lighting Schedule'!$A$3:$K$174,6,0),"") -> 0.095 | H67: 17 | I67: =G67*H67 -> 1.615 | J67: 4100 | K67: =I67*J67 -> 6621.5 | L67: =IFERROR(VLOOKUP($E67,'Existing Lighting Schedule'!$A$3:$K$174,7,0),"") -> LED35/1 | M67: =IFERROR(VLOOKUP($E67,'Existing Lighting Schedule'!$A$3:$K$174,10,0),"") -> LED Wall Pack Fixture (e.g. Lithonia DSXW1-20C-530-40K) | N67: =IFERROR(VLOOKUP($E67,'Existing Lighting Schedule'!$A$3:$K$174,11,0),"") -> 0.035 | O67: =H67*N67 -> 0.595 | P67: =J67*O67 -> 2439.5 | Q67: 0 | R67: =K67-P67 -> 4182 | S67: =0.1799*R67 -> 752.3418 | T67: =IFERROR(VLOOKUP($L67,'Existing Lighting Schedule'!$G$3:$S$174,9,0),"") -> 600 | U67: =H67*T67 -> 10200
A68: Ese | B68: Rest | C68: Interior | D68: Linear Fluorescent 2x4 | E68: F32T8/3-s | F68: Surface | G68: =IFERROR(VLOOKUP($E68,'Existing Lighting Schedule'!$A$3:$K$174,6,0),"") -> 0.089 | H68: 487 | I68: =G68*H68 -> 43.343 | J68: 1717 | K68: =I68*J68 -> 74419.931 | L68: =IFERROR(VLOOKUP($E68,'Existing Lighting Schedule'!$A$3:$K$174,7,0),"") -> LED32 | M68: =IFERROR(VLOOKUP($E68,'Existing Lighting Schedule'!$A$3:$K$174,10,0),"") -> LED Surface 2'x4' (e.g. Lithonia 2TLX4-40L-A12-LP850) | N68: =IFERROR(VLOOKUP($E68,'Existing Lighting Schedule'!$A$3:$K$174,11,0),"") -> 0.032 | O68: =H68*N68 -> 15.584 | P68: =J68*O68 -> 26757.728 | Q68: =I68-O68 -> 27.759 | R68: =K68-P68 -> 47662.203 | S68: =0.1799*R68 -> 8574.4303 | T68: =IFERROR(VLOOKUP($L68,'Existing Lighting Schedule'!$G$3:$S$174,13,0),"") -> 341.525 | U68: =H68*T68 -> 166322.67
A69: Ese | B69: Rest | C69: Interior | D69: Linear Fluorescent 2x4 | E69: F32T8/2 | F69: Recessed | G69: =IFERROR(VLOOKUP($E69,'Existing Lighting Schedule'!$A$3:$K$174,6,0),"") -> 0.059 | H69: 16 | I69: =G69*H69 -> 0.944 | J69: 1717 | K69: =I69*J69 -> 1620.848 | L69: =IFERROR(VLOOKUP($E69,'Existing Lighting Schedule'!$A$3:$K$174,7,0),"") -> LED26 | M69: =IFERROR(VLOOKUP($E69,'Existing Lighting Schedule'!$A$3:$K$174,10,0),"") -> LED Troffer 2'x4' (e.g. Lithonia 2VTL4-30L-LP840) | N69: =IFERROR(VLOOKUP($E69,'Existing Lighting Schedule'!$A$3:$K$174,11,0),"") -> 0.026 | O69: =H69*N69 -> 0.416 | P69: =J69*O69 -> 714.272 | Q69: =I69-O69 -> 0.528 | R69: =K69-P69 -> 906.576 | S69: =0.1799*R69 -> 163.09302 | T69: =IFERROR(VLOOKUP($L69,'Existing Lighting Schedule'!$G$3:$S$174,13,0),"") -> 287.6 | U69: =H69*T69 -> 4601.6
A70: Ese | B70: Rest | C70: Interior | D70: Linear Fluorescent 2x4 | E70: F32T8/4-s | F70: Surface | G70: =IFERROR(VLOOKUP($E70,'Existing Lighting Schedule'!$A$3:$K$174,6,0),"") -> 0.112 | H70: 113 | I70: =G70*H70 -> 12.656 | J70: 1717 | K70: =I70*J70 -> 21730.352 | L70: =IFERROR(VLOOKUP($E70,'Existing Lighting Schedule'!$A$3:$K$174,7,0),"") -> LED32 | M70: =IFERROR(VLOOKUP($E70,'Existing Lighting Schedule'!$A$3:$K$174,10,0),"") -> LED Surface 2'x4' (e.g. Lithonia 2TLX4-40L-A12-LP850) | N70: =IFERROR(VLOOKUP($E70,'Existing Lighting Schedule'!$A$3:$K$174,11,0),"") -> 0.032 | O70: =H70*N70 -> 3.616 | P70: =J70*O70 -> 6208.672 | Q70: =I70-O70 -> 9.04 | R70: =K70-P70 -> 15521.68 | S70: =0.1799*R70 -> 2792.3502 | T70: =IFERROR(VLOOKUP($L70,'Existing Lighting Schedule'!$G$3:$S$174,13,0),"") -> 341.525 | U70: =H70*T70 -> 38592.325
A71: Ese | B71: Rest | C71: Interior | D71: Linear Fluorescent 1x4 | E71: F32T8/2-s | F71: Surface | G71: =IFERROR(VLOOKUP($E71,'Existing Lighting Schedule'!$A$3:$K$174,6,0),"") -> 0.059 | H71: 156 | I71: =G71*H71 -> 9.204 | J71: 1717 | K71: =I71*J71 -> 15803.268 | L71: =IFERROR(VLOOKUP($E71,'Existing Lighting Schedule'!$A$3:$K$174,7,0),"") -> LED34 | M71: =IFERROR(VLOOKUP($E71,'Existing Lighting Schedule'!$A$3:$K$174,10,0),"") -> LED Surface 1'x4' (e.g. Deco DSW-LED-4-35-40) | N71: =IFERROR(VLOOKUP($E71,'Existing Lighting Schedule'!$A$3:$K$174,11,0),"") -> 0.034 | O71: =H71*N71 -> 5.304 | P71: =J71*O71 -> 9106.968 | Q71: =I71-O71 -> 3.9 | R71: =K71-P71 -> 6696.3 | S71: =0.1799*R71 -> 1204.6644 | T71: =IFERROR(VLOOKUP($L71,'Existing Lighting Schedule'!$G$3:$S$174,13,0),"") -> 377.475 | U71: =H71*T71 -> 58886.1
A72: Ese | B72: Rest | C72: Interior | D72: Linear Fluorescent 1x4 | E72: F32T8/1-s | F72: Surface | G72: =IFERROR(VLOOKUP($E72,'Existing Lighting Schedule'!$A$3:$K$174,6,0),"") -> 0.031 | H72: 7 | I72: =G72*H72 -> 0.217 | J72: 1717 | K72: =I72*J72 -> 372.589 | L72: =IFERROR(VLOOKUP($E72,'Existing Lighting Schedule'!$A$3:$K$174,7,0),"") -> LED23 | M72: =IFERROR(VLOOKUP($E72,'Existing Lighting Schedule'!$A$3:$K$174,10,0),"") -> LED Surface 4' (e.g. Deco DACH-LED-4-23-40 | N72: =IFERROR(VLOOKUP($E72,'Existing Lighting Schedule'!$A$3:$K$174,11,0),"") -> 0.023 | O72: =H72*N72 -> 0.161 | P72: =J72*O72 -> 276.437 | Q72: =I72-O72 -> 0.056 | R72: =K72-P72 -> 96.152 | S72: =0.1799*R72 -> 17.297745 | T72: =IFERROR(VLOOKUP($L72,'Existing Lighting Schedule'!$G$3:$S$174,13,0),"") -> 251.65 | U72: =H72*T72 -> 1761.55
A73: Ese | B73: Rest | C73: Interior | D73: Compact Fluorescent 8" | E73: CFQ17/2 | F73: Recessed | G73: =IFERROR(VLOOKUP($E73,'Existing Lighting Schedule'!$A$3:$K$174,6,0),"") -> 0.048 | H73: 78 | I73: =G73*H73 -> 3.744 | J73: 1717 | K73: =I73*J73 -> 6428.448 | L73: =IFERROR(VLOOKUP($E73,'Existing Lighting Schedule'!$A$3:$K$174,7,0),"") -> LED8.5 | M73: =IFERROR(VLOOKUP($E73,'Existing Lighting Schedule'!$A$3:$K$174,10,0),"") -> LED A19 Lamp (e.g. Philips EnduraLED) | N73: =IFERROR(VLOOKUP($E73,'Existing Lighting Schedule'!$A$3:$K$174,11,0),"") -> 0.0085 | O73: =H73*N73 -> 0.663 | P73: =J73*O73 -> 1138.371 | Q73: =I73-O73 -> 3.081 | R73: =K73-P73 -> 5290.077 | S73: =0.1799*R73 -> 951.68485 | T73: =IFERROR(VLOOKUP($L73,'Existing Lighting Schedule'!$G$3:$S$174,13,0),"") -> 17.975 | U73: =H73*T73 -> 1402.05
A74: Ese | B74: Rest | C74: Exterior | D74: High Pressure Sodium | E74: HPS70/1 | F74: Wall Pack | G74: =IFERROR(VLOOKUP($E74,'Existing Lighting Schedule'!$A$3:$K$174,6,0),"") -> 0.095 | H74: 88 | I74: =G74*H74 -> 8.36 | J74: 4100 | K74: =I74*J74 -> 34276 | L74: =IFERROR(VLOOKUP($E74,'Existing Lighting Schedule'!$A$3:$K$174,7,0),"") -> LED35/1 | M74: =IFERROR(VLOOKUP($E74,'Existing Lighting Schedule'!$A$3:$K$174,10,0),"") -> LED Wall Pack Fixture (e.g. Lithonia DSXW1-20C-530-40K) | N74: =IFERROR(VLOOKUP($E74,'Existing Lighting Schedule'!$A$3:$K$174,11,0),"") -> 0.035 | O74: =H74*N74 -> 3.08 | P74: =J74*O74 -> 12628 | Q74: 0 | R74: =K74-P74 -> 21648 | S74: =0.1799*R74 -> 3894.4752 | T74: =IFERROR(VLOOKUP($L74,'Existing Lighting Schedule'!$G$3:$S$174,9,0),"") -> 600 | U74: =H74*T74 -> 52800
A75: Ese | B75: Rest | C75: Interior | D75: Metal Halide High Bay | E75: MH400/1-p | F75: Pendant | G75: =IFERROR(VLOOKUP($E75,'Existing Lighting Schedule'!$A$3:$K$174,6,0),"") -> 0.458 | H75: 46 | I75: =G75*H75 -> 21.068 | J75: 1717 | K75: =I75*J75 -> 36173.756 | L75: =IFERROR(VLOOKUP($E75,'Existing Lighting Schedule'!$A$3:$K$174,7,0),"") -> LED140/1 | M75: =IFERROR(VLOOKUP($E75,'Existing Lighting Schedule'!$A$3:$K$174,10,0),"") -> LED High Bay Pendant (e.g. Lithonia JCBL-18000LM-ACCR-40K-70CRI | N75: =IFERROR(VLOOKUP($E75,'Existing Lighting Schedule'!$A$3:$K$174,11,0),"") -> 0.14 | O75: =H75*N75 -> 6.44 | P75: =J75*O75 -> 11057.48 | Q75: =I75-O75 -> 14.628 | R75: =K75-P75 -> 25116.276 | S75: =0.1799*R75 -> 4518.4181 | T75: =IFERROR(VLOOKUP($L75,'Existing Lighting Schedule'!$G$3:$S$174,13,0),"") -> 1078.5 | U75: =H75*T75 -> 49611
H77: Total kW | I77: =SUBTOTAL(9,I8:I75) -> 242.979 | J77: Total kWh | K77: =SUBTOTAL(9,K8:K75) -> 469251.58 | N77: TOTALS | O77: =SUBTOTAL(9,O8:O75) -> 99.1665 | P77: =SUBTOTAL(9,P8:P75) -> 187338.31 | Q77: =SUBTOTAL(9,Q8:Q75) -> 129.1305 | R77: =SUBTOTAL(9,R8:R75) -> 281913.27 | S77: =SUBTOTAL(9,S8:S75) -> 50716.197 | U77: =SUBTOTAL(9,U8:U75) -> 988330.57

Sheet Mountain Meadows ES
B2: MOUNTAIN MEADOWS ES
B3: Existing Fixtures | L3: Proposed Fixtures | Q3: Demand Savings (kW/year) | R3: Energy Savings (kWh/year) | S3: Utility Cost Savings (kWh/year) | T3: Unit Fixture Cost | U3: Estimated Total Cost
D4: Fixture Data | I4: Electric Demand (kW) | J4: Annual Hours of Operation | K4: Total Annual Energy Consumption (kWh) | L4: Fixture Code | M4: Fixture Description | N4: Input kW | O4: Electric Demand (kW) | P4: Total Annual Energy Consumption (kWh)
B5: Building | C5: Interior / Exterior | D5: Description | E5: Lamp Type | F5: Mounting | G5: kW | H5: Fixture Qty
A8: Epr | B8: All | C8: Interior | D8: Linear Fluorescent 2x4 | E8: F32T8/4 | F8: Recessed | G8: =IFERROR(VLOOKUP($E8,'Existing Lighting Schedule'!$A$3:$K$174,6,0),"") -> 0.112 | H8: 287 | I8: =G8*H8 -> 32.144 | J8: 1288 | K8: =I8*J8 -> 41401.472 | L8: =IFERROR(VLOOKUP($E8,'Existing Lighting Schedule'!$A$3:$K$174,7,0),"") -> LED39 | M8: =IFERROR(VLOOKUP($E8,'Existing Lighting Schedule'!$A$3:$K$174,10,0),"") -> LED Volumetric Kit 2'x4' (e.g. Lithonia 2VTL4-48L-LP840) | N8: =IFERROR(VLOOKUP($E8,'Existing Lighting Schedule'!$A$3:$K$174,11,0),"") -> 0.039 | O8: =H8*N8 -> 11.193 | P8: =J8*O8 -> 14416.584 | Q8: =I8-O8 -> 20.951 | R8: =K8-P8 -> 26984.888 | S8: =0.1987*R8 -> 5361.8972 | T8: =IFERROR(VLOOKUP($L8,'Existing Lighting Schedule'!$G$3:$S$174,13,0),"") -> 287.6 | U8: =H8*T8 -> 82541.2
A9: Epr | B9: All | C9: Exterior | D9: High Pressure Sodium | E9: HPS70/1-c | F9: Canopy | G9: =IFERROR(VLOOKUP($E9,'Existing Lighting Schedule'!$A$3:$K$174,6,0),"") -> 0.095 | H9: 25 | I9: =G9*H9 -> 2.375 | J9: 4100 | K9: =I9*J9 -> 9737.5 | L9: =IFERROR(VLOOKUP($E9,'Existing Lighting Schedule'!$A$3:$K$174,7,0),"") -> LED35/1-c | M9: =IFERROR(VLOOKUP($E9,'Existing Lighting Schedule'!$A$3:$K$174,10,0),"") -> LED Canopy Fixture (e.g. Lithonia KACM-20C-530) | N9: =IFERROR(VLOOKUP($E9,'Existing Lighting Schedule'!$A$3:$K$174,11,0),"") -> 0.035 | O9: =H9*N9 -> 0.875 | P9: =J9*O9 -> 3587.5 | Q9: 0 | R9: =K9-P9 -> 6150 | S9: =0.1987*R9 -> 1222.005 | T9: =IFERROR(VLOOKUP($L9,'Existing Lighting Schedule'!$G$3:$S$174,13,0),"") -> 683.05 | U9: =H9*T9 -> 17076.25
A10: Epr | B10: All | C10: Interior | D10: Linear Fluorescent 1x4 | E10: F32T8/2-s | F10: Surface | G10: =IFERROR(VLOOKUP($E10,'Existing Lighting Schedule'!$A$3:$K$174,6,0),"") -> 0.059 | H10: 47 | I10: =G10*H10 -> 2.773 | J10: 1288 | K10: =I10*J10 -> 3571.624 | L10: =IFERROR(VLOOKUP($E10,'Existing Lighting Schedule'!$A$3:$K$174,7,0),"") -> LED34 | M10: =IFERROR(VLOOKUP($E10,'Existing Lighting Schedule'!$A$3:$K$174,10,0),"") -> LED Surface 1'x4' (e.g. Deco DSW-LED-4-35-40) | N10: =IFERROR(VLOOKUP($E10,'Existing Lighting Schedule'!$A$3:$K$174,11,0),"") -> 0.034 | O10: =H10*N10 -> 1.598 | P10: =J10*O10 -> 2058.224 | Q10: =I10-O10 -> 1.175 | R10: =K10-P10 -> 1513.4 | S10: =0.1987*R10 -> 300.71258 | T10: =IFERROR(VLOOKUP($L10,'Existing Lighting Schedule'!$G$3:$S$174,13,0),"") -> 377.475 | U10: =H10*T10 -> 17741.325
A11: Epr | B11: All | C11: Interior | D11: Compact Fluorescent 8" | E11: CFQ17/2 | F11: Recessed | G11: =IFERROR(VLOOKUP($E11,'Existing Lighting Schedule'!$A$3:$K$174,6,0),"") -> 0.048 | H11: 1 | I11: =G11*H11 -> 0.048 | J11: 1288 | K11: =I11*J11 -> 61.824 | L11: =IFERROR(VLOOKUP($E11,'Existing Lighting Schedule'!$A$3:$K$174,7,0),"") -> LED8.5 | M11: =IFERROR(VLOOKUP($E11,'Existing Lighting Schedule'!$A$3:$K$174,10,0),"") -> LED A19 Lamp (e.g. Philips EnduraLED) | N11: =IFERROR(VLOOKUP($E11,'Existing Lighting Schedule'!$A$3:$K$174,11,0),"") -> 0.0085 | O11: =H11*N11 -> 0.0085 | P11: =J11*O11 -> 10.948 | Q11: =I11-O11 -> 0.0395 | R11: =K11-P11 -> 50.876 | S11: =0.1987*R11 -> 10.109061 | T11: =IFERROR(VLOOKUP($L11,'Existing Lighting Schedule'!$G$3:$S$174,13,0),"") -> 17.975 | U11: =H11*T11 -> 17.975
A12: Epr | B12: All | C12: Exterior | D12: High Pressure Sodium | E12: HPS70/1 | F12: Wall Pack | G12: =IFERROR(VLOOKUP($E12,'Existing Lighting Schedule'!$A$3:$K$174,6,0),"") -> 0.095 | H12: 31 | I12: =G12*H12 -> 2.945 | J12: 4100 | K12: =I12*J12 -> 12074.5 | L12: =IFERROR(VLOOKUP($E12,'Existing Lighting Schedule'!$A$3:$K$174,7,0),"") -> LED35/1 | M12: =IFERROR(VLOOKUP($E12,'Existing Lighting Schedule'!$A$3:$K$174,10,0),"") -> LED Wall Pack Fixture (e.g. Lithonia DSXW1-20C-530-40K) | N12: =IFERROR(VLOOKUP($E12,'Existing Lighting Schedule'!$A$3:$K$174,11,0),"") -> 0.035 | O12: =H12*N12 -> 1.085 | P12: =J12*O12 -> 4448.5 | Q12: 0 | R12: =K12-P12 -> 7626 | S12: =0.1987*R12 -> 1515.2862 | T12: =IFERROR(VLOOKUP($L12,'Existing Lighting Schedule'!$G$3:$S$174,13,0),"") -> 1078.5 | U12: =H12*T12 -> 33433.5
A13: Epr | B13: All | C13: Interior | D13: Linear Fluorescent 2x4 | E13: F32T8/3-s | F13: Surface | G13: =IFERROR(VLOOKUP($E13,'Existing Lighting Schedule'!$A$3:$K$174,6,0),"") -> 0.089 | H13: 123 | I13: =G13*H13 -> 10.947 | J13: 1288 | K13: =I13*J13 -> 14099.736 | L13: =IFERROR(VLOOKUP($E13,'Existing Lighting Schedule'!$A$3:$K$174,7,0),"") -> LED32 | M13: =IFERROR(VLOOKUP($E13,'Existing Lighting Schedule'!$A$3:$K$174,10,0),"") -> LED Surface 2'x4' (e.g. Lithonia 2TLX4-40L-A12-LP850) | N13: =IFERROR(VLOOKUP($E13,'Existing Lighting Schedule'!$A$3:$K$174,11,0),"") -> 0.032 | O13: =H13*N13 -> 3.936 | P13: =J13*O13 -> 5069.568 | Q13: =I13-O13 -> 7.011 | R13: =K13-P13 -> 9030.168 | S13: =0.1987*R13 -> 1794.2944 | T13: =IFERROR(VLOOKUP($L13,'Existing Lighting Schedule'!$G$3:$S$174,13,0),"") -> 341.525 | U13: =H13*T13 -> 42007.575
A14: Epr | B14: All | C14: Interior | D14: Linear Fluorescent 1x4 | E14: F32T8/2 | F14: Recessed | G14: =IFERROR(VLOOKUP($E14,'Existing Lighting Schedule'!$A$3:$K$174,6,0),"") -> 0.059 | H14: 2 | I14: =G14*H14 -> 0.118 | J14: 1288 | K14: =I14*J14 -> 151.984 | L14: =IFERROR(VLOOKUP($E14,'Existing Lighting Schedule'!$A$3:$K$174,7,0),"") -> LED26 | M14: =IFERROR(VLOOKUP($E14,'Existing Lighting Schedule'!$A$3:$K$174,10,0),"") -> LED Troffer 2'x4' (e.g. Lithonia 2VTL4-30L-LP840) | N14: =IFERROR(VLOOKUP($E14,'Existing Lighting Schedule'!$A$3:$K$174,11,0),"") -> 0.026 | O14: =H14*N14 -> 0.052 | P14: =J14*O14 -> 66.976 | Q14: =I14-O14 -> 0.066 | R14: =K14-P14 -> 85.008 | S14: =0.1987*R14 -> 16.89109 | T14: =IFERROR(VLOOKUP($L14,'Existing Lighting Schedule'!$G$3:$S$174,13,0),"") -> 287.6 | U14: =H14*T14 -> 575.2
A15: Epr | B15: All | C15: Interior | D15: Linear Fluorescent 2x2 U-tube | E15: FU31T8/2 | F15: Recessed | G15: =IFERROR(VLOOKUP($E15,'Existing Lighting Schedule'!$A$3:$K$174,6,0),"") -> 0.059 | H15: 16 | I15: =G15*H15 -> 0.944 | J15: 1288 | K15: =I15*J15 -> 1215.872 | L15: =IFERROR(VLOOKUP($E15,'Existing Lighting Schedule'!$A$3:$K$174,7,0),"") -> LED31 | M15: =IFERROR(VLOOKUP($E15,'Existing Lighting Schedule'!$A$3:$K$174,10,0),"") -> LED Volumetric Kit 2'x2' (e.g. Lithonia 2VTL2-33L-ADP-LP840) | N15: =IFERROR(VLOOKUP($E15,'Existing Lighting Schedule'!$A$3:$K$174,11,0),"") -> 0.031 | O15: =H15*N15 -> 0.496 | P15: =J15*O15 -> 638.848 | Q15: =I15-O15 -> 0.448 | R15: =K15-P15 -> 577.024 | S15: =0.1987*R15 -> 114.65467 | T15: =IFERROR(VLOOKUP($L15,'Existing Lighting Schedule'!$G$3:$S$174,13,0),"") -> 179.75 | U15: =H15*T15 -> 2876
A16: Epr | B16: All | C16: Interior | D16: Linear Fluorescent 1x4 | E16: F32T8/1-s | F16: Surface | G16: =IFERROR(VLOOKUP($E16,'Existing Lighting Schedule'!$A$3:$K$174,6,0),"") -> 0.031 | H16: 104 | I16: =G16*H16 -> 3.224 | J16: 1288 | K16: =I16*J16 -> 4152.512 | L16: =IFERROR(VLOOKUP($E16,'Existing Lighting Schedule'!$A$3:$K$174,7,0),"") -> LED23 | M16: =IFERROR(VLOOKUP($E16,'Existing Lighting Schedule'!$A$3:$K$174,10,0),"") -> LED Surface 4' (e.g. Deco DACH-LED-4-23-40 | N16: =IFERROR(VLOOKUP($E16,'Existing Lighting Schedule'!$A$3:$K$174,11,0),"") -> 0.023 | O16: =H16*N16 -> 2.392 | P16: =J16*O16 -> 3080.896 | Q16: =I16-O16 -> 0.832 | R16: =K16-P16 -> 1071.616 | S16: =0.1987*R16 -> 212.9301 | T16: =IFERROR(VLOOKUP($L16,'Existing Lighting Schedule'!$G$3:$S$174,13,0),"") -> 251.65 | U16: =H16*T16 -> 26171.6
A17: Epr | B17: All | C17: Interior | D17: Linear Fluorescent 2x4 | E17: F32T8/4-s | F17: Surface | G17: =IFERROR(VLOOKUP($E17,'Existing Lighting Schedule'!$A$3:$K$174,6,0),"") -> 0.112 | H17: 12 | I17: =G17*H17 -> 1.344 | J17: 1288 | K17: =I17*J17 -> 1731.072 | L17: =IFERROR(VLOOKUP($E17,'Existing Lighting Schedule'!$A$3:$K$174,7,0),"") -> LED32 | M17: =IFERROR(VLOOKUP($E17,'Existing Lighting Schedule'!$A$3:$K$174,10,0),"") -> LED Surface 2'x4' (e.g. Lithonia 2TLX4-40L-A12-LP850) | N17: =IFERROR(VLOOKUP($E17,'Existing Lighting Schedule'!$A$3:$K$174,11,0),"") -> 0.032 | O17: =H17*N17 -> 0.384 | P17: =J17*O17 -> 494.592 | Q17: =I17-O17 -> 0.96 | R17: =K17-P17 -> 1236.48 | S17: =0.1987*R17 -> 245.68858 | T17: =IFERROR(VLOOKUP($L17,'Existing Lighting Schedule'!$G$3:$S$174,13,0),"") -> 341.525 | U17: =H17*T17 -> 4098.3
A18: Epr | B18: All | C18: Interior | D18: Linear Fluorescent 4x4 | E18: F32T8/6-s | F18: Surface | G18: =IFERROR(VLOOKUP($E18,'Existing Lighting Schedule'!$A$3:$K$174,6,0),"") -> 0.175 | H18: 8 | I18: =G18*H18 -> 1.4 | J18: 1288 | K18: =I18*J18 -> 1803.2 | L18: =IFERROR(VLOOKUP($E18,'Existing Lighting Schedule'!$A$3:$K$174,7,0),"") -> LED32 | M18: =IFERROR(VLOOKUP($E18,'Existing Lighting Schedule'!$A$3:$K$174,10,0),"") -> LED Surface 2'x4' (e.g. Lithonia 2TLX4-40L-A12-LP850) | N18: =IFERROR(VLOOKUP($E18,'Existing Lighting Schedule'!$A$3:$K$174,11,0),"") -> 0.032 | O18: =H18*N18 -> 0.256 | P18: =J18*O18 -> 329.728 | Q18: =I18-O18 -> 1.144 | R18: =K18-P18 -> 1473.472 | S18: =0.1987*R18 -> 292.77889 | T18: =IFERROR(VLOOKUP($L18,'Existing Lighting Schedule'!$G$3:$S$174,13,0),"") -> 341.525 | U18: =H18*T18 -> 2732.2
A19: Epr | B19: All | C19: Interior | D19: Linear Fluorescent 4x4 | E19: F32T8/4-s | F19: Surface | G19: =IFERROR(VLOOKUP($E19,'Existing Lighting Schedule'!$A$3:$K$174,6,0),"") -> 0.112 | H19: 2 | I19: =G19*H19 -> 0.224 | J19: 1288 | K19: =I19*J19 -> 288.512 | L19: =IFERROR(VLOOKUP($E19,'Existing Lighting Schedule'!$A$3:$K$174,7,0),"") -> LED32 | M19: =IFERROR(VLOOKUP($E19,'Existing Lighting Schedule'!$A$3:$K$174,10,0),"") -> LED Surface 2'x4' (e.g. Lithonia 2TLX4-40L-A12-LP850) | N19: =IFERROR(VLOOKUP($E19,'Existing Lighting Schedule'!$A$3:$K$174,11,0),"") -> 0.032 | O19: =H19*N19 -> 0.064 | P19: =J19*O19 -> 82.432 | Q19: =I19-O19 -> 0.16 | R19: =K19-P19 -> 206.08 | S19: =0.1987*R19 -> 40.948096 | T19: =IFERROR(VLOOKUP($L19,'Existing Lighting Schedule'!$G$3:$S$174,13,0),"") -> 341.525 | U19: =H19*T19 -> 683.05
A20: Epr | B20: All | C20: Exterior | D20: Compact Fluorescent 8" | E20: CFQ17/2 | F20: Recessed | G20: =IFERROR(VLOOKUP($E20,'Existing Lighting Schedule'!$A$3:$K$174,6,0),"") -> 0.048 | H20: 17 | I20: =G20*H20 -> 0.816 | J20: 4100 | K20: =I20*J20 -> 3345.6 | L20: =IFERROR(VLOOKUP($E20,'Existing Lighting Schedule'!$A$3:$K$174,7,0),"") -> LED8.5 | M20: =IFERROR(VLOOKUP($E20,'Existing Lighting Schedule'!$A$3:$K$174,10,0),"") -> LED A19 Lamp (e.g. Philips EnduraLED) | N20: =IFERROR(VLOOKUP($E20,'Existing Lighting Schedule'!$A$3:$K$174,11,0),"") -> 0.0085 | O20: =H20*N20 -> 0.1445 | P20: =J20*O20 -> 592.45 | Q20: 0 | R20: =K20-P20 -> 2753.15 | S20: =0.1987*R20 -> 547.05091 | T20: =IFERROR(VLOOKUP($L20,'Existing Lighting Schedule'!$G$3:$S$174,13,0),"") -> 17.975 | U20: =H20*T20 -> 305.575
H24: Total kW | I24: =SUBTOTAL(9,I8:I20) -> 59.302 | J24: Total kWh | K24: =SUBTOTAL(9,K8:K20) -> 93635.408 | N24: TOTALS | O24: =SUBTOTAL(9,O8:O20) -> 22.484 | P24: =SUBTOTAL(9,P8:P20) -> 34877.246 | Q24: =SUBTOTAL(9,Q8:Q20) -> 32.7865 | R24: =SUBTOTAL(9,R8:R20) -> 58758.162 | S24: =SUBTOTAL(9,S8:S20) -> 11675.247 | U24: =SUBTOTAL(9,U8:U20) -> 230259.75

Sheet Existing Lighting Schedule
A1: Existing | G1: Proposed | K1: Incentive Estimates | P1: 0.0725 | Q1: 0.5 | R1: 0.15
A2: Fixture Code | B2: Lamp Code | C2: Lamp Wattage | D2: Lamps/ Fixture | E2: Description | F2: kW/Fixt* (App. B) | G2: Fixture Code | H2: Lamp Code | I2: Lamp Wattage | J2: Description | K2: kW/Fixt | L2: klm | M2: LPW | N2: Incentive | O2: Material Cost/ Fixture | P2: Sales Tax | Q2: Labor Cost/Fixture (1) | R2: Contractor O&P (2) | S2: Total Cost (4)
A3: F17T8/1 | B3: F21ILL | C3: 17 | D3: 1 | E3: Fluorescent, (1) 24", T-8 lamp, Instant Start Ballast, NLO | F3: 0.02 | G3: F17T8/1 | H3: F21ILL | I3: 17 | J3: No Change | K3: 0.02 | O3: 0 | P3: 0 | R3: 0 | S3: 0
A4: F17T8/2 | B4: F22ILL | C4: 17 | D4: 2 | E4: Fluorescent, (2) 24", T-8 lamp, Instant Start Ballast, NLO | F4: 0.033 | G4: LED31 | H4: LED31 | I4: 0 | J4: LED Volumetric Kit 2'x2' (e.g. Lithonia 2VTL2-33L-ADP-LP840) | K4: 0.031 | L4: 3.941 | M4: 126 | N4: 23.646 | O4: 100 | P4: =O4*$P$1 -> 7.25 | Q4: =O4*0.5 -> 50 | R4: =(O4+Q4)*$R$1 -> 22.5 | S4: =SUM(O4:R4) -> 179.75
A5: F17T8/3 | B5: F23ILL | C5: 17 | D5: 3 | E5: Fluorescent, (3) 24", T-8 lamp, Instant Start Ballast, NLO | F5: 0.047 | G5: F17T8/3 | H5: F23ILL | I5: 17 | J5: No Change | K5: 0.047 | O5: 0 | P5: =O5*$P$1 -> 0 | Q5: =O5*0.5 -> 0 | R5: =(O5+Q5)*$R$1 -> 0 | S5: =SUM(O5:R5) -> 0
A6: F17T8/4 | B6: F24ILL | C6: 17 | D6: 4 | E6: Fluorescent, (4) 24", T-8 lamp, Instant Start Ballast, NLO | F6: 0.061 | G6: F17T8/4 | H6: F24ILL | I6: 17 | J6: No Change | K6: 0.061 | O6: 0 | P6: =O6*$P$1 -> 0 | Q6: =O6*0.5 -> 0 | R6: =(O6+Q6)*$R$1 -> 0 | S6: =SUM(O6:R6) -> 0
A7: F28T8/1 | B7: F41WLL | C7: 30 | D7: 1 | E7: 82 CRI, 18,000 HR. RSR, Fluorescent, (1) 48'' T-8 lamp, Premium PRS Ballast, NLO | F7: 0.026 | G7: F28T8/1 | H7: F41WLL | I7: 28 | J7: No Change | K7: 0.026 | O7: 0 | P7: =O7*$P$1 -> 0 | Q7: =O7*0.5 -> 0 | R7: =(O7+Q7)*$R$1 -> 0 | S7: =SUM(O7:R7) -> 0
A8: F28T8/2 | B8: F42WLL | C8: 30 | D8: 2 | E8: 82 CRI, 18,000 HR. RSR, Fluorescent, (2) 48'' T-8 lamp, Premium PRS Ballast, NLO | F8: 0.052 | G8: F28T8/2 | H8: F42WLL | I8: 28 | J8: No Change | K8: 0.052 | O8: 0 | P8: =O8*$P$1 -> 0 | Q8: =O8*0.5 -> 0 | R8: =(O8+Q8)*$R$1 -> 0 | S8: =SUM(O8:R8) -> 0
A9: F28T8/3 | B9: F43WLL | C9: 30 | D9: 3 | E9: 82 CRI, 18,000 HR. RSR, Fluorescent, (3) 48'' T-8 lamp, Premium PRS Ballast, NLO | F9: 0.076 | G9: F28T8/3 | H9: F43WLL | I9: 28 | J9: No Change | K9: 0.076 | O9: 0 | P9: =O9*$P$1 -> 0 | Q9: =O9*0.5 -> 0 | R9: =(O9+Q9)*$R$1 -> 0 | S9: =SUM(O9:R9) -> 0
A10: F28T8/4 | B10: F44WLL | C10: 30 | D10: 4 | E10: 82 CRI, 18,000 HR. RSR, Fluorescent, (4) 48'' T-8 lamp, Premium PRS Ballast, NLO | F10: 0.098 | G10: F28T8/4 | H10: F44WLL | I10: 28 | J10: No Change | K10: 0.098 | O10: 0 | P10: =O10*$P$1 -> 0 | Q10: =O10*0.5 -> 0 | R10: =(O10+Q10)*$R$1 -> 0 | S10: =SUM(O10:R10) -> 0
A11: F32T8/1 | B11: F41ILL | C11: 32 | D11: 1 | E11: 70 CRI, 20,000 Hr. RSR, Fluorescent, (1) 48", T-8 lamp, Instant Start Ballast, NLO | F11: 0.031 | G11: LED22 | H11: LED22 | I11: 22 | J11: LED Volumetric Kit 2'x4' (e.g. Lithonia 2VTL4) | K11: 0.022 | O11: 0 | P11: =O11*$P$1 -> 0 | Q11: =O11*0.5 -> 0 | R11: =(O11+Q11)*$R$1 -> 0 | S11: =SUM(O11:R11) -> 0
A12: F32T8/1-s | B12: F41ILL | C12: 32 | D12: 1 | E12: 70 CRI, 20,000 Hr. RSR, Fluorescent, (1) 48", T-8 lamp, Instant Start Ballast, NLO | F12: 0.031 | G12: LED23 | H12: LED23 | I12: 23 | J12: LED Surface 4' (e.g. Deco DACH-LED-4-23-40 | K12: 0.023 | L12: 2.56 | M12: 130 | N12: 15.36 | O12: 140 | P12: =O12*$P$1 -> 10.15 | Q12: =O12*0.5 -> 70 | R12: =(O12+Q12)*$R$1 -> 31.5 | S12: =SUM(O12:R12) -> 251.65
A13: F32T8/2-1 | B13: F42ILL | C13: 32 | D13: 2 | E13: 70 CRI, 20,000 Hr. RSR, Fluorescent, (2) 48", T-8 lamp, Instant Start Ballast, NLO | F13: 0.059 | G13: LED29 | H13: LED29 | I13: 29 | J13: LED Troffer 1'x4' (e.g. Lithonia VTL4-30L-LP840) | K13: 0.029 | L13: 3.006 | M13: 104 | N13: 0 | O13: 190 | P13: =O13*$P$1 -> 13.775 | Q13: =O13*0.5 -> 95 | R13: =(O13+Q13)*$R$1 -> 42.75 | S13: =SUM(O13:R13) -> 341.525
A14: F32T8/2 | B14: F42ILL | C14: 32 | D14: 2 | E14: 70 CRI, 20,000 Hr. RSR, Fluorescent, (2) 48", T-8 lamp, Instant Start Ballast, NLO | F14: 0.059 | G14: LED26 | H14: LED26 | I14: 26 | J14: LED Troffer 2'x4' (e.g. Lithonia 2VTL4-30L-LP840) | K14: 0.026 | L14: 3.836 | M14: 146 | N14: 30.688 | O14: 160 | P14: =O14*$P$1 -> 11.6 | Q14: =O14*0.5 -> 80 | R14: =(O14+Q14)*$R$1 -> 36 | S14: =SUM(O14:R14) -> 287.6
A15: F32T8/2-s | B15: F42ILL | C15: 32 | D15: 2 | E15: 70 CRI, 20,000 Hr. RSR, Fluorescent, (2) 48", T-8 lamp, Instant Start Ballast, NLO | F15: 0.059 | G15: LED34 | H15: LED34 | I15: 34 | J15: LED Surface 1'x4' (e.g. Deco DSW-LED-4-35-40) | K15: 0.034 | L15: 4.42 | M15: 145 | N15: 35.36 | O15: 210 | P15: =O15*$P$1 -> 15.225 | Q15: =O15*0.5 -> 105 | R15: =(O15+Q15)*$R$1 -> 47.25 | S15: =SUM(O15:R15) -> 377.475
A16: F32T8/2-p | B16: F42ILL | C16: 32 | D16: 2 | E16: 70 CRI, 20,000 Hr. RSR, Fluorescent, (2) 48", T-8 lamp, Instant Start Ballast, NLO | F16: 0.059 | G16: LED25 | H16: LED25 | I16: 25 | J16: LED Pendant Fixture 1'x4' (e.g. Lithonia GRD-MSL4-800LMF-30K) | K16: 0.025 | L16: 3.303 | M16: 133 | N16: 0 | O16: 160 | P16: =O16*$P$1 -> 11.6 | Q16: =O16*0.5 -> 80 | R16: =(O16+Q16)*$R$1 -> 36 | S16: =SUM(O16:R16) -> 287.6
A17: F32T8/2-s2 | B17: F42ILL | C17: 32 | D17: 2 | E17: 70 CRI, 20,000 Hr. RSR, Fluorescent, (2) 48", T-8 lamp, Instant Start Ballast, NLO | F17: 0.059 | G17: LED32 | H17: LED32 | I17: 32 | J17: LED Surface 2'x4' (e.g. Lithonia 2TLX4-40L-A12-LP850) | K17: 0.032 | L17: 4.059 | M17: 126 | N17: 24.354 | O17: 190 | P17: =O17*$P$1 -> 13.775 | Q17: =O17*0.5 -> 95 | R17: =(O17+Q17)*$R$1 -> 42.75 | S17: =SUM(O17:R17) -> 341.525
A18: F32T8/3 | B18: F43ILL | C18: 32 | D18: 3 | E18: 70 CRI, 20,000 Hr. RSR, Fluorescent, (3) 48", T-8 lamp, Instant Start Ballast, NLO | F18: 0.089 | G18: LED39 | H18: LED39 | I18: 39 | J18: LED Volumetric Kit 2'x4' (e.g. Lithonia 2VTL4-48L-LP840) | K18: 0.039 | L18: 5.209 | M18: 133 | N18: 31.254 | O18: 160 | P18: =O18*$P$1 -> 11.6 | Q18: =O18*0.5 -> 80 | R18: =(O18+Q18)*$R$1 -> 36 | S18: =SUM(O18:R18) -> 287.6
A19: F32T8/3-s | B19: F43ILL | C19: 32 | D19: 3 | E19: 70 CRI, 20,000 Hr. RSR, Fluorescent, (3) 48", T-8 lamp, Instant Start Ballast, NLO | F19: 0.089 | G19: LED32 | H19: LED32 | I19: 32 | J19: LED Surface 2'x4' (e.g. Lithonia 2TLX4-40L-A12-LP850) | K19: 0.032 | L19: 4.059 | M19: 126 | N19: 24.354 | O19: 190 | P19: =O19*$P$1 -> 13.775 | Q19: =O19*0.5 -> 95 | R19: =(O19+Q19)*$R$1 -> 42.75 | S19: =SUM(O19:R19) -> 341.525
A20: F32T8/4 | B20: F44ILL | C20: 32 | D20: 4 | E20: 70 CRI, 20,000 Hr. RSR, Fluorescent, (4) 48", T-8 lamp, Instant Start Ballast, NLO | F20: 0.112 | G20: LED39 | H20: LED39 | I20: 39 | J20: LED Volumetric Kit 2'x4' (e.g. Lithonia 2VTL4-48L-LP840) | K20: 0.039 | L20: 5.209 | M20: 133 | N20: 31.254 | O20: 160 | P20: =O20*$P$1 -> 11.6 | Q20: =O20*0.5 -> 80 | R20: =(O20+Q20)*$R$1 -> 36 | S20: =SUM(O20:R20) -> 287.6
A21: F32T8/4-s | B21: F44ILL | C21: 32 | D21: 4 | E21: 70 CRI, 20,000 Hr. RSR, Fluorescent, (4) 48", T-8 lamp, Instant Start Ballast, NLO | F21: 0.112 | G21: LED32 | H21: LED32 | I21: 32 | J21: LED Surface 2'x4' (e.g. Lithonia 2TLX4-40L-A12-LP850) | K21: 0.032 | L21: 4.059 | M21: 126 | N21: 24.354 | O21: 190 | P21: =O21*$P$1 -> 13.775 | Q21: =O21*0.5 -> 95 | R21: =(O21+Q21)*$R$1 -> 42.75 | S21: =SUM(O21:R21) -> 341.525
A22: F32T8/6 | B22: F46ILL | C22: 32 | D22: 6 | E22: 70 CRI, 20,000 Hr. RSR, Fluorescent, (6) 48", T-8 lamp, Instant Start Ballast, NLO | F22: 0.175 | G22: LED59 | H22: LED59 | I22: 59 | J22: LED Volumetric Kit 2'x4' (e.g. Lithonia 2VTL4-48L-LP840) | K22: 0.039 | L22: 5.209 | M22: 133 | N22: 31.254 | O22: 160 | P22: =O22*$P$1 -> 11.6 | Q22: =O22*0.5 -> 80 | R22: =(O22+Q22)*$R$1 -> 36 | S22: =SUM(O22:R22) -> 287.6
A23: F32T8/6-s | B23: F46ILL | C23: 32 | D23: 6 | E23: 70 CRI, 20,000 Hr. RSR, Fluorescent, (6) 48", T-8 lamp, Instant Start Ballast, NLO | F23: 0.175 | G23: LED32 | H23: LED32 | I23: 32 | J23: LED Surface 2'x4' (e.g. Lithonia 2TLX4-40L-A12-LP850) | K23: 0.032 | L23: 4.059 | M23: 126 | N23: 24.354 | O23: 190 | P23: =O23*$P$1 -> 13.775 | Q23: =O23*0.5 -> 95 | R23: =(O23+Q23)*$R$1 -> 42.75 | S23: =SUM(O23:R23) -> 341.525
A24: F32T8/8-p | B24: F48ILL | C24: 32 | D24: 8 | E24: 70 CRI, 20,000 Hr. RSR, Fluorescent, (8) 48", T-8 lamp, Instant Start Ballast, NLO | F24: 0.224 | G24: LED25 | H24: LED25 | I24: 25 | J24: LED Pendant Fixture 1'x4' (e.g. Lithonia GRD-MSL4-800LMF-30K) | K24: 0.025 | L24: 3.303 | M24: 133 | N24: 0 | O24: 160 | P24: =O24*$P$1 -> 11.6 | Q24: =O24*0.5 -> 80 | R24: =(O24+Q24)*$R$1 -> 36 | S24: =SUM(O24:R24) -> 287.6
A25: F96T8/1 | B25: F81ILL | C25: 59 | D25: 1 | E25: Fluorescent, (1) 96", T-8 lamp, Instant Start Ballast, NLO | F25: 0.058 | G25: LED31 | H25: LED31 | I25: 31 | J25: LED Volumetric Kit 2'x4' (e.g. Lithonia 2VTL4) | K25: 0.031 | N25: 0 | O25: 0 | P25: =O25*$P$1 -> 0 | Q25: =O25*0.5 -> 0 | R25: =(O25+Q25)*$R$1 -> 0 | S25: =SUM(O25:R25) -> 0
A26: F96T8/2-p | B26: F82ILL | C26: 59 | D26: 2 | E26: Fluorescent, (2) 96", T-8 lamp, Instant Start Ballast, NLO | F26: 0.109 | G26: LED50 | H26: LED50 | I26: 50 | J26: LED Pendant Fixture 1'x4' (e.g. Lithonia GRD-MSL8-800LMF-35K) | K26: 0.05 | L26: 6.802 | M26: 137 | N26: 0 | O26: 160 | P26: =O26*$P$1 -> 11.6 | Q26: =O26*0.5 -> 80 | R26: =(O26+Q26)*$R$1 -> 36 | S26: =SUM(O26:R26) -> 287.6
A27: F96T8/3 | B27: F83ILL | C27: 59 | D27: 3 | E27: Fluorescent, (3) 96", T-8 lamp, Instant Start Ballast, NLO | F27: 0.167 | G27: LED47/2 | H27: LED47 | I27: 47 | J27: LED Volumetric Kit 2'x4' (e.g. Lithonia 2VTL4) | K27: 0.094 | N27: 0 | O27: 0 | P27: =O27*$P$1 -> 0 | Q27: =O27*0.5 -> 0 | R27: =(O27+Q27)*$R$1 -> 0 | S27: =SUM(O27:R27) -> 0
A28: F96T8/4 | B28: F84ILL | C28: 59 | D28: 4 | E28: Fluorescent, (4) 96", T-8 lamp, Instant Start Ballast, NLO | F28: 0.219 | G28: LED47/2 | H28: LED47 | I28: 47 | J28: LED Volumetric Kit 2'x4' (e.g. Lithonia 2VTL4) | K28: 0.094 | N28: 0 | O28: 0 | P28: =O28*$P$1 -> 0 | Q28: =O28*0.5 -> 0 | R28: =(O28+Q28)*$R$1 -> 0 | S28: =SUM(O28:R28) -> 0
A29: FU31T8/2 | B29: FU2ILL | C29: 32 | D29: 2 | E29: Fluorescent, (2) U-Tube, T-8 lamp, Instand Start Ballast | F29: 0.059 | G29: LED31 | H29: LED31 | I29: 31 | J29: LED Volumetric Kit 2'x2' (e.g. Lithonia 2VTL2-33L-ADP-LP840) | K29: 0.031 | L29: 3.941 | M29: 126 | N29: 23.646 | O29: 100 | P29: =O29*$P$1 -> 7.25 | Q29: =O29*0.5 -> 50 | R29: =(O29+Q29)*$R$1 -> 22.5 | S29: =SUM(O29:R29) -> 179.75
A30: F20T12/1 | B30: F21SS | C30: 20 | D30: 1 | E30: Fluorescent, (1) 24", STD lamp | F30: 0.028 | G30: LED25 | H30: LED25 | I30: 25 | J30: LED Volumetric Kit 2'x2' (e.g. Lithonia 2RTLEDR) | K30: 0.025 | N30: 0 | O30: 0 | P30: =O30*$P$1 -> 0 | Q30: =O30*0.5 -> 0 | R30: =(O30+Q30)*$R$1 -> 0 | S30: =SUM(O30:R30) -> 0
A31: F20T12/2 | B31: F22SS | C31: 20 | D31: 2 | E31: Fluorescent, (2) 24", STD lamp | F31: 0.056 | G31: LED25 | H31: LED25 | I31: 25 | J31: LED Volumetric Kit 2'x2' (e.g. Lithonia 2RTLEDR) | K31: 0.025 | N31: 0 | O31: 0 | P31: =O31*$P$1 -> 0 | Q31: =O31*0.5 -> 0 | R31: =(O31+Q31)*$R$1 -> 0 | S31: =SUM(O31:R31) -> 0
A32: F20T12/3 | B32: F23SS | C32: 20 | D32: 3 | E32: Fluorescent, (3) 24", STD lamp | F32: 0.062 | G32: LED38 | H32: LED38 | I32: 38 | J32: LED Volumetric Kit 2'x2' (e.g. Lithonia 2RTLEDR) | K32: 0.038 | N32: 0 | O32: 0 | P32: =O32*$P$1 -> 0 | Q32: =O32*0.5 -> 0 | R32: =(O32+Q32)*$R$1 -> 0 | S32: =SUM(O32:R32) -> 0
A33: F20T12/4 | B33: F24SS | C33: 20 | D33: 4 | E33: Fluorescent, (4) 24", STD lamp | F33: 0.112 | G33: LED38 | H33: LED38 | I33: 38 | J33: LED Volumetric Kit 2'x2' (e.g. Lithonia 2RTLEDR) | K33: 0.038 | N33: 0 | O33: 0 | P33: =O33*$P$1 -> 0 | Q33: =O33*0.5 -> 0 | R33: =(O33+Q33)*$R$1 -> 0 | S33: =SUM(O33:R33) -> 0
A34: F40T12/1 | B34: F41SIL | C34: 39 | D34: 1 | E34: Fluorescent, (1) 48", STD IS lamp, Electronic ballast | F34: 0.046 | G34: LED31 | H34: LED31 | I34: 31 | J34: LED Volumetric Kit 2'x4' (e.g. Lithonia 2VTL4) | K34: 0.031 | N34: 0 | O34: 0 | P34: =O34*$P$1 -> 0 | Q34: =O34*0.5 -> 0 | R34: =(O34+Q34)*$R$1 -> 0 | S34: =SUM(O34:R34) -> 0
A35: F40T12/2 | B35: F42SIL | C35: 39 | D35: 2 | E35: Fluorescent, (2) 48", STD IS lamp, Electronic ballast | F35: 0.074 | G35: LED31 | H35: LED31 | I35: 31 | J35: LED Volumetric Kit 2'x4' (e.g. Lithonia 2VTL4) | K35: 0.031 | N35: 0 | O35: 0 | P35: =O35*$P$1 -> 0 | Q35: =O35*0.5 -> 0 | R35: =(O35+Q35)*$R$1 -> 0 | S35: =SUM(O35:R35) -> 0
A36: F40T12/3 | B36: F43SIL | C36: 39 | D36: 3 | E36: Fluorescent, (3) 48", STD IS lamp, Electronic ballast | F36: 0.12 | G36: LED39 | H36: LED39 | I36: 39 | J36: LED Volumetric Kit 2'x4' (e.g. Lithonia 2VTL4) | K36: 0.039 | N36: 0 | O36: 0 | P36: =O36*$P$1 -> 0 | Q36: =O36*0.5 -> 0 | R36: =(O36+Q36)*$R$1 -> 0 | S36: =SUM(O36:R36) -> 0
A37: F40T12/4 | B37: F44SIL | C37: 39 | D37: 4 | E37: Fluorescent, (4) 48", STD IS lamp, Electronic ballast | F37: 0.148 | G37: LED47 | H37: LED47 | I37: 47 | J37: LED Volumetric Kit 2'x4' (e.g. Lithonia 2VTL4) | K37: 0.047 | N37: 0 | O37: 0 | P37: =O37*$P$1 -> 0 | Q37: =O37*0.5 -> 0 | R37: =(O37+Q37)*$R$1 -> 0 | S37: =SUM(O37:R37) -> 0
A38: F40T12/6 | B38: F46SIL | C38: 39 | D38: 6 | E38: Fluorescent, (6) 48", STD IS lamp, Electronic ballast | F38: 0.24 | G38: LED70 | H38: LED70 | I38: 70 | J38: LED Volumetric Kit 2'x4' (e.g. Lithonia 2VTL4) | K38: 0.07 | N38: 0 | O38: 0 | P38: =O38*$P$1 -> 0 | Q38: =O38*0.5 -> 0 | R38: =(O38+Q38)*$R$1 -> 0 | S38: =SUM(O38:R38) -> 0
A39: F40T12/8 | B39: F48SIL | C39: 39 | D39: 8 | E39: Fluorescent, (8) 48", STD IS lamp, Electronic ballast | F39: 0.296 | G39: LED70 | H39: LED70 | I39: 70 | J39: LED Volumetric Kit 2'x4' (e.g. Lithonia 2VTL4) | K39: 0.07 | N39: 0 | O39: 0 | P39: =O39*$P$1 -> 0 | Q39: =O39*0.5 -> 0 | R39: =(O39+Q39)*$R$1 -> 0 | S39: =SUM(O39:R39) -> 0
A40: F48T12HO/2 | B40: F42SHS | C40: 60 | D40: 2 | E40: Fluorescent, (2) 48", STD HO lamp | F40: 0.145 | G40: LED47 | H40: LED47 | I40: 47 | J40: LED Volumetric Kit 2'x4' (e.g. Lithonia 2VTL4) | K40: 0.047 | N40: 0 | O40: 0 | P40: =O40*$P$1 -> 0 | Q40: =O40*0.5 -> 0 | R40: =(O40+Q40)*$R$1 -> 0 | S40: =SUM(O40:R40) -> 0
A41: F96T12/1 | B41: F81ES | C41: 60 | D41: 1 | E41: Fluorescent, (1) 96", ES lamp | F41: 0.075 | G41: LED31 | H41: LED31 | I41: 31 | J41: LED Volumetric Kit 2'x4' (e.g. Lithonia 2VTL4) | K41: 0.031 | N41: 0 | O41: 0 | P41: =O41*$P$1 -> 0 | Q41: =O41*0.5 -> 0 | R41: =(O41+Q41)*$R$1 -> 0 | S41: =SUM(O41:R41) -> 0
... A141: MH100/1 | B141: MH100/1 | C141: 100 | D141: 1 | E141: Metal Halide, (1) 100W lamp | F141: 0.128 | G141: LED45/1 | H141: LED45 | I141: 45 | J141: LED Pole Fixture (e.g. Lithonia DSX) | K141: 0.045 | N141: 0 | O141: 500 | P141: =O141*$P$1 -> 36.25 | Q141: =O141*0.5 -> 250 | R141: =(O141+Q141)*$R$1 -> 112.5 | S141: =SUM(O141:R141) -> 898.75
A142: MH150/1 | B142: MH150/1 | C142: 150 | D142: 1 | E142: Metal Halide, (1) 150W lamp | F142: 0.19 | G142: LED68/1 | H142: LED68 | I142: 68 | J142: LED Pole Fixture (e.g. Lithonia DSX) | K142: 0.068 | N142: 0 | P142: =O142*$P$1 -> 0 | Q142: =O142*0.5 -> 0 | R142: =(O142+Q142)*$R$1 -> 0 | S142: =SUM(O142:R142) -> 0
A143: MH175/1 | B143: MH175/1 | C143: 175 | D143: 1 | E143: Metal Halide, (1) 175W lamp | F143: 0.215 | G143: LED105/1 | H143: LED105 | I143: 105 | J143: LED Pole Fixture (e.g. Lithonia DSX) | K143: 0.105 | N143: 0 | P143: =O143*$P$1 -> 0 | Q143: =O143*0.5 -> 0 | R143: =(O143+Q143)*$R$1 -> 0 | S143: =SUM(O143:R143) -> 0
A144: MH250/1 | B144: MH250/1 | C144: 250 | D144: 1 | E144: Metal Halide, (1) 250W lamp | F144: 0.295 | G144: LED138/1 | H144: LED138 | I144: 138 | J144: LED Pole Fixture (e.g. Lithonia DSX) | K144: 0.138 | N144: 0 | P144: =O144*$P$1 -> 0 | Q144: =O144*0.5 -> 0 | R144: =(O144+Q144)*$R$1 -> 0 | S144: =SUM(O144:R144) -> 0
A145: MH400/1-p | B145: MH400/1 | C145: 400 | D145: 1 | E145: Metal Halide, (1) 400W lamp | F145: 0.458 | G145: LED140/1 | H145: LED140 | I145: 140 | J145: LED High Bay Pendant (e.g. Lithonia JCBL-18000LM-ACCR-40K-70CRI | K145: 0.14 | L145: 18.17 | M145: =L145/K145 -> 129.78571 | N145: 24 | O145: 600 | P145: =O145*$P$1 -> 43.5 | Q145: =O145*0.5 -> 300 | R145: =(O145+Q145)*$R$1 -> 135 | S145: =SUM(O145:R145) -> 1078.5
A146: MH750/1 | B146: MH750/1 | C146: 750 | D146: 1 | E146: Metal Halide, (1) 750W lamp | F146: 0.85 | G146: LED275/1 | H146: LED275 | I146: 275 | J146: LED Pole Fixture (e.g. Lithonia DSX) | K146: 0.275 | N146: 0
A147: HPS50/1-WP | B147: HPS50/1 | C147: 50 | D147: 1 | E147: High Pressure Sodium, (1) 50W lamp | F147: 0.066 | G147: LED20/1-WP | H147: LED20 | I147: 20 | J147: LED Wall Pack Fixture (e.g. Lithonia DSXW) | K147: 0.02 | N147: 0
A148: HPS70/1-WP | B148: HPS70/1 | C148: 70 | D148: 1 | E148: High Pressure Sodium, (1) 70W lamp | F148: 0.095 | G148: LED36/1-WP | H148: LED36 | I148: 36 | J148: LED Wall Pack Fixture (e.g. Lithonia DSXW) | K148: 0.036 | N148: 0
A149: HPS100/1-WP | B149: HPS100/1 | C149: 100 | D149: 1 | E149: High Pressure Sodium, (1) 100W lamp | F149: 0.138 | G149: LED47/1-WP | H149: LED47 | I149: 47 | J149: LED Wall Pack Fixture (e.g. Lithonia DSXW) | K149: 0.047 | N149: 0
A150: HPS150/1-WP | B150: HPS150/1 | C150: 150 | D150: 1 | E150: High Pressure Sodium, (1) 150W lamp | F150: 0.188 | G150: LED75/1-WP | H150: LED75 | I150: 75 | J150: LED Wall Pack Fixture (e.g. Lithonia DSXW) | K150: 0.075 | N150: 0
A151: MV50/1-WP | B151: MV50/1 | C151: 50 | D151: 1 | E151: Mercury Vapor, (1) 50W lamp | F151: 0.074 | G151: LED20/1-WP | H151: LED20 | I151: 20 | J151: LED Wall Pack Fixture (e.g. Lithonia DSXW) | K151: 0.02 | N151: 0
A152: MV75/1-WP | B152: MV75/1 | C152: 75 | D152: 1 | E152: Mercury Vapor, (1) 75W lamp | F152: 0.093 | G152: LED36/1-WP | H152: LED36 | I152: 36 | J152: LED Wall Pack Fixture (e.g. Lithonia DSXW) | K152: 0.036 | N152: 0
A153: MV100/1-WP | B153: MV100/1 | C153: 100 | D153: 1 | E153: Mercury Vapor, (1) 100W lamp | F153: 0.125 | G153: LED47/1-WP | H153: LED47 | I153: 47 | J153: LED Wall Pack Fixture (e.g. Lithonia DSXW) | K153: 0.047 | N153: 0
A154: MV175/1-WP | B154: MV175/1 | C154: 175 | D154: 1 | E154: Mercury Vapor, (1) 175W lamp | F154: 0.205 | G154: LED75/1-WP | H154: LED75 | I154: 75 | J154: LED Wall Pack Fixture (e.g. Lithonia DSXW) | K154: 0.075 | N154: 0
A155: MH32/1-WP | B155: MH32/1 | C155: 32 | D155: 1 | E155: Metal Halide, (1) 32W lamp | F155: 0.043 | G155: LED13/1-WP | H155: LED13 | I155: 13 | J155: LED Wall Pack Fixture (e.g. Rab WPLED10) | K155: 0.013 | N155: 0
A156: MH39/1-WP | B156: MH39/1 | C156: 39 | D156: 1 | E156: Metal Halide, (1) 39W lamp | F156: 0.05 | G156: LED13/1-WP | H156: LED13 | I156: 13 | J156: LED Wall Pack Fixture (e.g. Rab WPLED10) | K156: 0.013 | N156: 0
A157: MH70/1-WP | B157: MH70/1 | C157: 70 | D157: 1 | E157: Metal Halide, (1) 70W lamp | F157: 0.095 | G157: LED36/1-WP | H157: LED36 | I157: 36 | J157: LED Wall Pack Fixture (e.g. Lithonia DSXW) | K157: 0.036 | N157: 0
... A161: MH175/1-WP | B161: MH175/1 | C161: 175 | D161: 1 | E161: Metal Halide, (1) 175W lamp | F161: 0.215 | G161: LED75/1-WP | H161: LED75 | I161: 75 | J161: LED Wall Pack Fixture (e.g. Lithonia DSXW) | K161: 0.075 | N161: 0
A162: MH250/1-WP | B162: MH250/1 | C162: 250 | D162: 1 | E162: Metal Halide, (1) 250W lamp | F162: 0.295 | G162: LED109/1-WP | H162: LED109 | I162: 109 | J162: LED Wall Pack Fixture (e.g. Lithonia DSXW) | K162: 0.109 | N162: 0 | O162: 300 | P162: 26.25 | Q162: 110 | R162: 45 | S162: 481.25
A163: MH400/1-WP | B163: MH400/1 | C163: 400 | D163: 1 | E163: Metal Halide, (1) 400W lamp | F163: 0.458 | G163: LED200/1-WP | H163: LED200 | I163: 200 | J163: LED Wall Pack Fixture | K163: 0.2 | N163: 0 | O163: 350 | P163: 30.625 | Q163: 110 | R163: 52.5 | S163: 543.125
A164: CFQ18/1-WP | B164: CFQ18/1 | C164: 18 | D164: 1 | E164: Compact Fluorescent, quad, (1) 18W lamp | F164: 0.026 | G164: LED13/1-WP | H164: LED13 | I164: 13 | J164: LED Wall Pack Fixture (e.g. Rab WPLED10) | K164: 0.013 | N164: 0 | O164: 400 | P164: 35 | Q164: 110 | R164: 60 | S164: 605
A165: CFQ26/2-WP | B165: CFQ26/2 | C165: 26 | D165: 2 | E165: Compact Fluorescent, quad, (2) 26W lamp | F165: 0.066 | G165: LED36/1-WP | H165: LED36 | I165: 36 | J165: LED Wall Pack Fixture (e.g. Lithonia DSXW) | K165: 0.036 | N165: 0 | O165: 500 | P165: 43.75 | Q165: 110 | R165: 75 | S165: 728.75
A166: CFQ42/2-WP | B166: CFQ42/2 | C166: 42 | D166: 2 | E166: Compact Fluorescent, quad, (2) 42W lamp | F166: 0.094 | G166: LED47/1-WP | H166: LED47 | I166: 47 | J166: LED Wall Pack Fixture (e.g. Lithonia DSXW) | K166: 0.047 | N166: 0 | O166: 350 | P166: 30.625 | Q166: 110 | R166: 52.5 | S166: 543.125
A167: CFQ26/1-WP | B167: CFQ26/1 | C167: 26 | D167: 1 | E167: Compact Fluorescent, quad, (1) 26W lamp | F167: 0.033 | G167: LED20/1-WP | H167: LED20 | I167: 20 | J167: LED Wall Pack Fixture (e.g. Lithonia DSXW) | K167: 0.02 | N167: 0 | O167: 400 | P167: 35 | Q167: 110 | R167: 60 | S167: 605
A168: CFQ42/1-WP | B168: CFQ42/1 | C168: 42 | D168: 1 | E168: Compact Fluorescent, quad, (1) 42W lamp | F168: 0.047 | G168: LED27/1-WP | H168: LED27 | I168: 27 | J168: LED Wall Pack Fixture (e.g. Lithonia DSXW) | K168: 0.027 | N168: 0 | O168: 500 | P168: 43.75 | Q168: 110 | R168: 75 | S168: 728.75
A169: CFQ32/1-WP | B169: CFQ32/1 | C169: 32 | D169: 1 | E169: Compact Fluorescent, quad, (1) 32W lamp | F169: 0.034 | G169: LED20/1-WP | H169: LED20 | I169: 20 | J169: LED Wall Pack Fixture (e.g. Lithonia DSXW) | K169: 0.02 | N169: 0 | O169: 500 | P169: 43.75 | Q169: 110 | R169: 75 | S169: 728.75
A170: CFQ28/1-WP | B170: CFQ28/1 | C170: 28 | D170: 1 | E170: Compact Fluorescent, quad, (1) 28W lamp | F170: 0.033 | G170: LED20/1-WP | H170: LED20 | I170: 20 | J170: LED Wall Pack Fixture (e.g. Lithonia DSXW) | K170: 0.02 | N170: 0 | O170: 350 | P170: 30.625 | Q170: 110 | R170: 52.5 | S170: 543.125
A171: CFQ52/1-WP | B171: CFQ52/1 | C171: 42 | D171: 2 | E171: Compact Fluorescent, quad, (2) 42W lamp | F171: 0.094 | G171: LED36/1-WP | H171: LED36 | I171: 36 | J171: LED Wall Pack Fixture (e.g. Lithonia DSXW) | K171: 0.036 | N171: 0 | O171: 400 | P171: 35 | Q171: 110 | R171: 60 | S171: 605
A172: HLV50/1 | B172: HLV50/1 | C172: 50 | D172: 1 | E172: Halogen, (1) Low Voltage MR16 lamp | F172: 0.06 | G172: LED13/1 | H172: LED13 | I172: 12.5 | J172: LED A19 Lamp (e.g. Philips EnduraLED) | K172: 0.0125 | N172: 0 | O172: 0 | P172: 0 | R172: 0 | S172: 0
A173: LED8/1 | B173: LED8 | C173: 150 | D173: 1 | E173: Highbay Induction Lighting 150W Fixture | F173: 0.15 | G173: LED8/1 | H173: LED8 | I173: 8 | J173: No Change | K173: 0.008 | N173: 0 | O173: 0 | P173: 0 | R173: 0 | S173: 0
A174: Ind150/1 | B174: IND150 | C174: 35 | D174: 1 | E174: Metal Halide, (1) 35W lamp | F174: 0.046 | G174: Ind150/1 | H174: IND150 | I174: 150 | J174: No Change | K174: 0.15 | N174: 0 | O174: 0 | P174: 0 | R174: 0 | S174: 0
A177: *Existing Fixture Wattage based on Appendix B Standard Fixture Wattage Table.
E181: (1) Material costs are estimated conservatively based on past lighting projects and construction cost inventories
E182: (2) Labor costs are estimated as 50% of material costs.
E183: (3) O&P is estimated at 15% Contractor Overhead and Profit.
